Workbook

Sheet Accueil - Guide utilisation
B1: Outil d'aide à la décision – Intégrer la santé dans les projets d'aménagement en territoires ruraux
B3: Cet outil a été conçu pour accompagner les collectivités dans la prise en compte des enjeux de santé dans leurs projets d’aménagement. Il s'appuie sur une approche globale et positive de la santé, partant du postulat que notre santé est déterminée à 70% par notre cadre de vie (environnement, mobilités, logement, accès aux services, etc.). Il propose une démarche simple et opérationnelle permettant de questionner un projet sous l'angle de la santé (identifier ses points forts et repérer les points de vigilance/marges d'amélioration possibles), pour créer des environnements plus favorables à la santé de tous et toutes et réduire les inégalités sociales et territoriales de santé. L'outil est pertinent : - En phase intention, dès les premières réflexions sur un projet, afin d'intégrer les enjeux de santé le plus amont possible ; - En phase conception, pour identifier les ajustements possibles et les leviers d'amélioration ; - Pour diagnostiquer un aménagement existant, dans le cadre d'un projet de réaménagement ou de rénovation. Il peut être mobilisé pour tout type de projet d’aménagement : projets de revitalisation de centre-bourg, requalification d’espace public, création ou rénovation d’équipement, opération d’habitat, développement de mobilités, etc. Au-delà d'un simple outil technique, il a vocation également à favoriser les échanges entre les différents acteurs impliqués (services techniques, élus, partenaires, habitants, ...) dans une logique de transversalité. Il ne vise pas à attribuer une "bonne" ou "mauvaise" note au projet, mais à favoriser la réflexion et l'amélioration continue. | D3: Crédits | E3: #VALUE! | G3: #VALUE! | I3: #VALUE!
D4: Cet outil a été réalisé par Energies Demain dans le cadre de la démarche d'accompagnement du Pays du Périgord Noir à l'intégration de la santé dans ses projets d'aménagement, financée par l'Agence Régionale de Santé. La conception de cet outil s'inscrit dans une démarche de co-construction. Y ont été associés : l'Agence Régionale de Santé, les 6 intercommunalités du Pays du Périgord Noir ainsi que le Contrat Local de Santé du Périgord Noir.
B7: Comment utiliser cet outil ?
B9: Fiche projet
B10: Avant de débuter le diagnostic, il est recommandé de renseigner les principales caractéristiques du projet évalué dans l’onglet « Fiche projet ». Cette étape permet de contextualiser l’analyse et de conserver une trace des éléments ayant guidé l’évaluation. Elle facilite également le partage du diagnostic avec les différents acteurs impliqués dans le projet. Même si l’outil peut être utilisé par une seule personne, son intérêt est renforcé lorsqu’il est complété collectivement. La santé étant une approche transversale, le croisement des regards favorise une meilleure prise en compte des différents usages, besoins des populations et contraintes opérationnelles de la collectivité concernée. L’objectif n’est pas d’obtenir un diagnostic « expert » porté par une seule personne, mais de construire une vision partagée du projet et d’identifier ensemble les opportunités pour le rendre plus favorable à la santé.
B12: Diagnostic du projet
B13: Cet onglet constitue le cœur de l’outil. Pour chaque question, l’utilisateur est invité à sélectionner une réponse parmi les propositions suivantes :
B14: Réponse | C14: Signification
B15: Oui | C15: Le sujet est intégré dans le projet
B16: Partiellement | C16: Le sujet est pris en compte mais peut encore être amélioré
B17: Non | C17: Le sujet n'est pas intégré ou insuffisamment traité
B18: Je ne sais pas | C18: L'information n'est pas disponible à ce stade ou doit être recherchée
B19: Non concerné | C19: La question ne s'applique pas au projet
B20: Chaque question est pondérée selon son niveau d’impact potentiel sur la santé et les inégalités sociales de santé (1 : impact mineur ; 4 : impact fort).
B22: Synthèse du projet
B23: Cet onglet présente une vision globale du diagnostic, il propose une synthèse par enjeu de santé.
B24: Favorable | C24: Le sujet est globalement bien intégré dans le projet.
B25: Améliorations possibles | C25: Le projet peut encore progresser sur ce sujet.
B26: Point de vigilance | C26: Le sujet nécessite une attention particulière, il doit être retravaillé.
B27: Le score proposé par l’outil constitue un indicateur d’aide à la décision. Il ne mesure pas directement l’impact sanitaire réel du projet. La synthèse permet d’identifier rapidement les enjeux de santé bien intégrés et les domaines sur lesquels agir en priorité.
B29: Leviers - Recommandations
B30: Cet onglet propose des pistes de solutions opérationnelles sur les sujets qui ne sont pas ou insuffisamment pris en compte dans le projet. Ces pistes peuvent alimenter les études préalables, les cahiers des charges, les échanges avec les maitres d'œuvre ou encore les arbitrages techniques et politiques. L'onglet "Tous les leviers" répertorie l'ensemble des pistes de solutions.

Sheet Fiche projet
A1: Outil d'aide à la décision – Intégrer la santé dans les projets d'aménagement en territoires ruraux
B2: Les éléments ci-dessous sont à compléter par l'évaluateur
B3: FICHE PROJET
B4: Nom du projet
B6: Collectivité A sélectionner dans le menu déroulant
B8: Nom de la collectivité
B10: Service(s) concerné(s)
B11: Partenaire(s) éventuel(s)
B12: Phase du projet A sélectionner dans le menu déroulant
B14: Description du projet Présenter brièvement le projet (aménagements prévus)
B15: Effets attendus Décrire brièvement les objectifs recherchés et les bénéfices attendus pour le territoire
B16: Personnes concernées directement par le projet Cocher les groupes de populations concernés Dans le cadre d'un projet d'aménagement, il est essentiel de se demander "A qui s'adresse ce projet ?" car les besoins et usages diffèrent selon l'âge, les ressources, le genre, etc. Cette approche permet de concervoir des espaces réellement adaptés aux populations concernées, au bénéfice de tous et toutes. | C16: Tranche(s) d'âge
C17: Enfants | D17: Adolescents | E17: Jeunes adultes | F17: Adultes | G17: Personnes âgées
C18: FALSE | D18: FALSE | E18: FALSE | F18: FALSE | G18: FALSE
C19: Rapport au territoire
C20: Habitants du territoire | D20: Travailleurs | E20: Usagers du territoire (utilisent le territoire régulièrement mais n'y résident pas) | F20: Visiteurs/Touristes | G20: Autre A compléter
C21: FALSE | D21: FALSE | E21: FALSE | F21: FALSE | G21: FALSE
C22: Vulnérabilités / Besoins spécifiques
C23: Personnes à faibles revenus | D23: Personnes à mobilité réduite | E23: Personnes en situation de handicap physique | F23: Personnes en situation de handicap psychique et/ou cognitif | G23: Autre A compléter
C24: FALSE | D24: FALSE | E24: FALSE | F24: FALSE | G24: FALSE
B25: Remarques éventuelles de l'évaluateur

Sheet Diagnostic du projet
A1: Outil d'aide à la décision – Intégrer la santé dans les projets d'aménagement en territoires ruraux | F1: Date de l'évaluation :
A2: L'évaluateur complète uniquement la colonne D (sélection de la réponse dans le menu déroulant) | F2: Nom de l'évaluateur :
A3: Déterminants de la santé | B3: N° | C3: Questions | D3: Réponses | E3: Intensité de l'impact sur la santé et sur les inégalités (1 = Faible ; 4 = Fort) | F3: Score Plus le score est faible, plus le projet est "favorable à la santé"
A4: Mobilités
A5: Mobilités | B5: 1.1 | C5: Le projet permet-il un accès sécurisé à pied aux services essentiels (école, mairie, commerces, équipements de santé) ? | E5: 4 | F5: =IF(D5="","",IF(OR(D5="Je ne sais pas",D5="Non concerné"),"NC",IF(D5="Oui",0,IF(D5="Partiellement",1,IF(D5="Non",3,"")))*E5)) | G5: =IF(F5="","",IF(F5="NC","NC",IF(F5<=1,"Favorable",IF(F5<=3,"Améliorations possibles","Point de vigilance"))))
A6: Mobilités | B6: 1.2 | C6: Les continuités piétonnes sont-elles assurées sans rupture sur l'ensemble du périmètre du projet et suffisamment lisibles ? | E6: 1 | F6: =IF(D6="","",IF(OR(D6="Je ne sais pas",D6="Non concerné"),"NC",IF(D6="Oui",0,IF(D6="Partiellement",1,IF(D6="Non",3,"")))*E6)) | G6: =IF(F6="","",IF(F6="NC","NC",IF(F6<=1,"Favorable",IF(F6<=3,"Améliorations possibles","Point de vigilance"))))
A7: Mobilités | B7: 1.3 | C7: Les continuités piétonnes sont-elles suffisamment larges et accessibles aux personnes à mobilité réduite ? | E7: 4 | F7: =IF(D7="","",IF(OR(D7="Je ne sais pas",D7="Non concerné"),"NC",IF(D7="Oui",0,IF(D7="Partiellement",1,IF(D7="Non",3,"")))*E7)) | G7: =IF(F7="","",IF(F7="NC","NC",IF(F7<=1,"Favorable",IF(F7<=3,"Améliorations possibles","Point de vigilance"))))
A8: Mobilités | B8: 1.4 | C8: Les traversées de voirie sont-elles sécurisées pour les piétons (visibilité, vitesse, aménagements de ralentissement) ? | E8: 4 | F8: =IF(D8="","",IF(OR(D8="Je ne sais pas",D8="Non concerné"),"NC",IF(D8="Oui",0,IF(D8="Partiellement",1,IF(D8="Non",3,"")))*E8)) | G8: =IF(F8="","",IF(F8="NC","NC",IF(F8<=1,"Favorable",IF(F8<=3,"Améliorations possibles","Point de vigilance"))))
A9: Mobilités | B9: 1.5 | C9: Les continuités piétonnes sont-elles ombragées ? | E9: 3 | F9: =IF(D9="","",IF(OR(D9="Je ne sais pas",D9="Non concerné"),"NC",IF(D9="Oui",0,IF(D9="Partiellement",1,IF(D9="Non",3,"")))*E9)) | G9: =IF(F9="","",IF(F9="NC","NC",IF(F9<=1,"Favorable",IF(F9<=3,"Améliorations possibles","Point de vigilance"))))
A10: Mobilités | B10: 1.6 | C10: Les continuités piétonnes sont-elles éclairées ? | E10: 2 | F10: =IF(D10="","",IF(OR(D10="Je ne sais pas",D10="Non concerné"),"NC",IF(D10="Oui",0,IF(D10="Partiellement",1,IF(D10="Non",3,"")))*E10)) | G10: =IF(F10="","",IF(F10="NC","NC",IF(F10<=1,"Favorable",IF(F10<=3,"Améliorations possibles","Point de vigilance"))))
A11: Mobilités | B11: 1.7 | C11: Les arrêts de transport collectif (si existants) sont-ils accessibles et sécurisés à pied ? | E11: 3 | F11: =IF(D11="","",IF(OR(D11="Je ne sais pas",D11="Non concerné"),"NC",IF(D11="Oui",0,IF(D11="Partiellement",1,IF(D11="Non",3,"")))*E11)) | G11: =IF(F11="","",IF(F11="NC","NC",IF(F11<=1,"Favorable",IF(F11<=3,"Améliorations possibles","Point de vigilance"))))
A12: Mobilités | B12: 1.8 | C12: Les déplacements vélo sont-ils sécurisés ? | E12: 4 | F12: =IF(D12="","",IF(OR(D12="Je ne sais pas",D12="Non concerné"),"NC",IF(D12="Oui",0,IF(D12="Partiellement",1,IF(D12="Non",3,"")))*E12)) | G12: =IF(F12="","",IF(F12="NC","NC",IF(F12<=1,"Favorable",IF(F12<=3,"Améliorations possibles","Point de vigilance"))))
A13: Mobilités | B13: 1.9 | C13: Les itinéraires vélos sont-ils continus et connectés au réseau existant ou projeté ? | E13: 2 | F13: =IF(D13="","",IF(OR(D13="Je ne sais pas",D13="Non concerné"),"NC",IF(D13="Oui",0,IF(D13="Partiellement",1,IF(D13="Non",3,"")))*E13)) | G13: =IF(F13="","",IF(F13="NC","NC",IF(F13<=1,"Favorable",IF(F13<=3,"Améliorations possibles","Point de vigilance"))))
A14: Mobilités | B14: 1.10 | C14: Les conflits d'usages (piétons / vélos / voitures) ont-ils été anticipés ? | E14: 3 | F14: =IF(D14="","",IF(OR(D14="Je ne sais pas",D14="Non concerné"),"NC",IF(D14="Oui",0,IF(D14="Partiellement",1,IF(D14="Non",3,"")))*E14)) | G14: =IF(F14="","",IF(F14="NC","NC",IF(F14<=1,"Favorable",IF(F14<=3,"Améliorations possibles","Point de vigilance"))))
A15: Mobilités | B15: 1.11 | C15: Le stationnement voiture est-il optimisé sans surdimensionnement ? | E15: 2 | F15: =IF(D15="","",IF(OR(D15="Je ne sais pas",D15="Non concerné"),"NC",IF(D15="Oui",0,IF(D15="Partiellement",1,IF(D15="Non",3,"")))*E15)) | G15: =IF(F15="","",IF(F15="NC","NC",IF(F15<=1,"Favorable",IF(F15<=3,"Améliorations possibles","Point de vigilance"))))
A16: Mobilités | B16: 1.12 | C16: Les espaces de stationnement prévus sont ils perméables ? | E16: 1 | F16: =IF(D16="","",IF(OR(D16="Je ne sais pas",D16="Non concerné"),"NC",IF(D16="Oui",0,IF(D16="Partiellement",1,IF(D16="Non",3,"")))*E16)) | G16: =IF(F16="","",IF(F16="NC","NC",IF(F16<=1,"Favorable",IF(F16<=3,"Améliorations possibles","Point de vigilance"))))
A17: Mobilités | B17: 1.13 | C17: Le projet favorise t-il l'intermodalité (articulation entre les différents modes de déplacements) ? | E17: 2 | F17: =IF(D17="","",IF(OR(D17="Je ne sais pas",D17="Non concerné"),"NC",IF(D17="Oui",0,IF(D17="Partiellement",1,IF(D17="Non",3,"")))*E17)) | G17: =IF(F17="","",IF(F17="NC","NC",IF(F17<=1,"Favorable",IF(F17<=3,"Améliorations possibles","Point de vigilance"))))
F18: Prise en compte du déterminant Mobilités
F19: {=IF(SUMPRODUCT((D5:D17<>"Je ne sais pas")*(D5:D17<>"Non concerné")*(D5:D17<>"")*E5:E17*3)=0,"",1-SUM(F5:F17)/SUMPRODUCT((D5:D17<>"Je ne sais pas")*(D5:D17<>"Non concerné")*(D5:D17<>"")*E5:E17*3))} | G19: =IF(F19="","",IF(F19>=75%,"Favorable",IF(F19>=50%,"Améliorations possibles","Point de vigilance")))
A20: Adaptation au changement climatique / Environnement du projet
A21: Adaptation au changement climatique | B21: 2.1 | C21: Le projet limite-t-il l’imperméabilisation des sols au strict nécessaire ? Le projet prévoit-il de la désimperméabilisation ? | E21: 3 | F21: =IF(D21="","",IF(OR(D21="Je ne sais pas",D21="Non concerné"),"NC",IF(D21="Oui",0,IF(D21="Partiellement",1,IF(D21="Non",3,"")))*E21)) | G21: =IF(F21="","",IF(F21="NC","NC",IF(F21<=1,"Favorable",IF(F21<=3,"Améliorations possibles","Point de vigilance"))))
A22: Adaptation au changement climatique | B22: 2.2 | C22: Le projet est-il conçu dans une logique d'adaptation aux vagues de chaleur (végétation, matériaux, ombrage) ? | E22: 4 | F22: =IF(D22="","",IF(OR(D22="Je ne sais pas",D22="Non concerné"),"NC",IF(D22="Oui",0,IF(D22="Partiellement",1,IF(D22="Non",3,"")))*E22)) | G22: =IF(F22="","",IF(F22="NC","NC",IF(F22<=1,"Favorable",IF(F22<=3,"Améliorations possibles","Point de vigilance"))))
A23: Adaptation au changement climatique | B23: 2.3 | C23: Une réflexion sur le couvert arboré à l'échelle du projet a-t-elle été menée ? | E23: 3 | F23: =IF(D23="","",IF(OR(D23="Je ne sais pas",D23="Non concerné"),"NC",IF(D23="Oui",0,IF(D23="Partiellement",1,IF(D23="Non",3,"")))*E23)) | G23: =IF(F23="","",IF(F23="NC","NC",IF(F23<=1,"Favorable",IF(F23<=3,"Améliorations possibles","Point de vigilance"))))
A24: Adaptation au changement climatique | B24: 2.4 | C24: Les propriétés allergisantes des espèces plantées ont-elles été vérifiées ? | E24: 3 | F24: =IF(D24="","",IF(OR(D24="Je ne sais pas",D24="Non concerné"),"NC",IF(D24="Oui",0,IF(D24="Partiellement",1,IF(D24="Non",3,"")))*E24)) | G24: =IF(F24="","",IF(F24="NC","NC",IF(F24<=1,"Favorable",IF(F24<=3,"Améliorations possibles","Point de vigilance"))))
A25: Adaptation au changement climatique | B25: 2.5 | C25: Les espaces végétalisés sont-ils pensés pour être appropriés (mobilier urbain, point d'eau, …) ? | E25: 3 | F25: =IF(D25="","",IF(OR(D25="Je ne sais pas",D25="Non concerné"),"NC",IF(D25="Oui",0,IF(D25="Partiellement",1,IF(D25="Non",3,"")))*E25)) | G25: =IF(F25="","",IF(F25="NC","NC",IF(F25<=1,"Favorable",IF(F25<=3,"Améliorations possibles","Point de vigilance"))))
A26: Adaptation au changement climatique | B26: 2.6 | C26: Le projet réduit-il l’exposition des habitants aux pollutions de l’air (trafic, activités industrielles, ...) ? | E26: 3 | F26: =IF(D26="","",IF(OR(D26="Je ne sais pas",D26="Non concerné"),"NC",IF(D26="Oui",0,IF(D26="Partiellement",1,IF(D26="Non",3,"")))*E26)) | G26: =IF(F26="","",IF(F26="NC","NC",IF(F26<=1,"Favorable",IF(F26<=3,"Améliorations possibles","Point de vigilance"))))
A27: Adaptation au changement climatique | B27: 2.7 | C27: Une réflexion sur les potentielles nuisances sonores du projet ou à proximité du projet (trafic, activités, équipements, ...) a-t-elle été menée ? | E27: 3 | F27: =IF(D27="","",IF(OR(D27="Je ne sais pas",D27="Non concerné"),"NC",IF(D27="Oui",0,IF(D27="Partiellement",1,IF(D27="Non",3,"")))*E27)) | G27: =IF(F27="","",IF(F27="NC","NC",IF(F27<=1,"Favorable",IF(F27<=3,"Améliorations possibles","Point de vigilance"))))
A28: Adaptation au changement climatique | B28: 2.8 | C28: Le projet préserve-t-il ou restaure-t-il des continuités écologiques locales ? | E28: 2 | F28: =IF(D28="","",IF(OR(D28="Je ne sais pas",D28="Non concerné"),"NC",IF(D28="Oui",0,IF(D28="Partiellement",1,IF(D28="Non",3,"")))*E28)) | G28: =IF(F28="","",IF(F28="NC","NC",IF(F28<=1,"Favorable",IF(F28<=3,"Améliorations possibles","Point de vigilance"))))
A29: Adaptation au changement climatique | B29: 2.9 | C29: Le projet favorise-t-il la gestion locale de l’eau (infiltration, désimperméabilisation, récupération) ? | E29: 2 | F29: =IF(D29="","",IF(OR(D29="Je ne sais pas",D29="Non concerné"),"NC",IF(D29="Oui",0,IF(D29="Partiellement",1,IF(D29="Non",3,"")))*E29)) | G29: =IF(F29="","",IF(F29="NC","NC",IF(F29<=1,"Favorable",IF(F29<=3,"Améliorations possibles","Point de vigilance"))))
A30: Adaptation au changement climatique | B30: 2.10 | C30: Le projet préserve-t-il la ressource en eau potable en limitant les consommations et en favorisant les économies d'eau ? | E30: 2 | F30: =IF(D30="","",IF(OR(D30="Je ne sais pas",D30="Non concerné"),"NC",IF(D30="Oui",0,IF(D30="Partiellement",1,IF(D30="Non",3,"")))*E30)) | G30: =IF(F30="","",IF(F30="NC","NC",IF(F30<=1,"Favorable",IF(F30<=3,"Améliorations possibles","Point de vigilance"))))
A31: Adaptation au changement climatique | B31: 2.11 | C31: Le projet a-t-il intégré une réflexion sur l'évitement des gites larvaires artificiels (collections d'eau de petites tailles dans lesquelles les œufs des moustiques femelles sont pondus) ? | E31: 4 | F31: =IF(D31="","",IF(OR(D31="Je ne sais pas",D31="Non concerné"),"NC",IF(D31="Oui",0,IF(D31="Partiellement",1,IF(D31="Non",3,"")))*E31)) | G31: =IF(F31="","",IF(F31="NC","NC",IF(F31<=1,"Favorable",IF(F31<=3,"Améliorations possibles","Point de vigilance"))))
F32: Prise en compte du déterminant Adaptation au changement climatique
F33: {=IF(SUMPRODUCT((D21:D31<>"Je ne sais pas")*(D21:D31<>"Non concerné")*(D21:D31<>"")*E21:E31*3)=0,"",1-SUM(F21:F31)/SUMPRODUCT((D21:D31<>"Je ne sais pas")*(D21:D31<>"Non concerné")*(D21:D31<>"")*E21:E31*3))} | G33: =IF(F33="","",IF(F33>=75%,"Favorable",IF(F33>=50%,"Améliorations possibles","Point de vigilance")))
A34: Cohésion sociale
A35: Cohésion sociale | B35: 3.1 | C35: Le projet crée-t-il ou renforce-t-il des espaces de rencontre informels ? | E35: 2 | F35: =IF(D35="","",IF(OR(D35="Je ne sais pas",D35="Non concerné"),"NC",IF(D35="Oui",0,IF(D35="Partiellement",1,IF(D35="Non",3,"")))*E35)) | G35: =IF(F35="","",IF(F35="NC","NC",IF(F35<=1,"Favorable",IF(F35<=3,"Améliorations possibles","Point de vigilance"))))
A36: Cohésion sociale | B36: 3.2 | C36: Les espaces de rencontres sont-ils lisibles/identifiables ? | E36: 2 | F36: =IF(D36="","",IF(OR(D36="Je ne sais pas",D36="Non concerné"),"NC",IF(D36="Oui",0,IF(D36="Partiellement",1,IF(D36="Non",3,"")))*E36)) | G36: =IF(F36="","",IF(F36="NC","NC",IF(F36<=1,"Favorable",IF(F36<=3,"Améliorations possibles","Point de vigilance"))))
A37: Cohésion sociale | B37: 3.3 | C37: Le mobilier (urbain) est-il accessible à tous et toutes (y compris les personnes à mobilité réduite) ? | E37: 4 | F37: =IF(D37="","",IF(OR(D37="Je ne sais pas",D37="Non concerné"),"NC",IF(D37="Oui",0,IF(D37="Partiellement",1,IF(D37="Non",3,"")))*E37)) | G37: =IF(F37="","",IF(F37="NC","NC",IF(F37<=1,"Favorable",IF(F37<=3,"Améliorations possibles","Point de vigilance"))))
A38: Cohésion sociale | B38: 3.4 | C38: Le mobilier urbain est-il positionné dans des espaces ombragés ? | E38: 3 | F38: =IF(D38="","",IF(OR(D38="Je ne sais pas",D38="Non concerné"),"NC",IF(D38="Oui",0,IF(D38="Partiellement",1,IF(D38="Non",3,"")))*E38)) | G38: =IF(F38="","",IF(F38="NC","NC",IF(F38<=1,"Favorable",IF(F38<=3,"Améliorations possibles","Point de vigilance"))))
A39: Cohésion sociale | B39: 3.5 | C39: Le projet favorise-t-il la mixité des usages (repos, jeu, conviavilité) ? | E39: 2 | F39: =IF(D39="","",IF(OR(D39="Je ne sais pas",D39="Non concerné"),"NC",IF(D39="Oui",0,IF(D39="Partiellement",1,IF(D39="Non",3,"")))*E39)) | G39: =IF(F39="","",IF(F39="NC","NC",IF(F39<=1,"Favorable",IF(F39<=3,"Améliorations possibles","Point de vigilance"))))
A40: Cohésion sociale | B40: 3.6 | C40: Le projet permet-il des usages intergénérationnels ? | E40: 3 | F40: =IF(D40="","",IF(OR(D40="Je ne sais pas",D40="Non concerné"),"NC",IF(D40="Oui",0,IF(D40="Partiellement",1,IF(D40="Non",3,"")))*E40)) | G40: =IF(F40="","",IF(F40="NC","NC",IF(F40<=1,"Favorable",IF(F40<=3,"Améliorations possibles","Point de vigilance"))))
A41: Cohésion sociale | B41: 3.7 | C41: La place des enfants dans le projet a-t-elle été réfléchie ? | E41: 3 | F41: =IF(D41="","",IF(OR(D41="Je ne sais pas",D41="Non concerné"),"NC",IF(D41="Oui",0,IF(D41="Partiellement",1,IF(D41="Non",3,"")))*E41)) | G41: =IF(F41="","",IF(F41="NC","NC",IF(F41<=1,"Favorable",IF(F41<=3,"Améliorations possibles","Point de vigilance"))))
A42: Cohésion sociale | B42: 3.8 | C42: La place des femmes dans le projet a-t-elle été réfléchie ? | E42: 3 | F42: =IF(D42="","",IF(OR(D42="Je ne sais pas",D42="Non concerné"),"NC",IF(D42="Oui",0,IF(D42="Partiellement",1,IF(D42="Non",3,"")))*E42)) | G42: =IF(F42="","",IF(F42="NC","NC",IF(F42<=1,"Favorable",IF(F42<=3,"Améliorations possibles","Point de vigilance"))))
A43: Cohésion sociale | B43: 3.9 | C43: La place des seniors dans le projet a-t-elle été réfléchie ? | E43: 3 | F43: =IF(D43="","",IF(OR(D43="Je ne sais pas",D43="Non concerné"),"NC",IF(D43="Oui",0,IF(D43="Partiellement",1,IF(D43="Non",3,"")))*E43)) | G43: =IF(F43="","",IF(F43="NC","NC",IF(F43<=1,"Favorable",IF(F43<=3,"Améliorations possibles","Point de vigilance"))))
A44: Cohésion sociale | B44: 3.10 | C44: Le projet favorise t-il le sentiment d'appartenance ? | E44: 1 | F44: =IF(D44="","",IF(OR(D44="Je ne sais pas",D44="Non concerné"),"NC",IF(D44="Oui",0,IF(D44="Partiellement",1,IF(D44="Non",3,"")))*E44)) | G44: =IF(F44="","",IF(F44="NC","NC",IF(F44<=1,"Favorable",IF(F44<=3,"Améliorations possibles","Point de vigilance"))))
A45: Cohésion sociale | B45: 3.11 | C45: Un point d'eau est-accessible à proximité du projet ? | E45: 4 | F45: =IF(D45="","",IF(OR(D45="Je ne sais pas",D45="Non concerné"),"NC",IF(D45="Oui",0,IF(D45="Partiellement",1,IF(D45="Non",3,"")))*E45)) | G45: =IF(F45="","",IF(F45="NC","NC",IF(F45<=1,"Favorable",IF(F45<=3,"Améliorations possibles","Point de vigilance"))))
A46: Cohésion sociale | B46: 3.12 | C46: Des toilettes publiques gratuites sont-elles accessibles à proximité du projet ? | E46: 3 | F46: =IF(D46="","",IF(OR(D46="Je ne sais pas",D46="Non concerné"),"NC",IF(D46="Oui",0,IF(D46="Partiellement",1,IF(D46="Non",3,"")))*E46)) | G46: =IF(F46="","",IF(F46="NC","NC",IF(F46<=1,"Favorable",IF(F46<=3,"Améliorations possibles","Point de vigilance"))))
... A48: Cohésion sociale | B48: 3.14 | C48: Les espaces de rencontres sont-ils éclairés ? | E48: 2 | F48: =IF(D48="","",IF(OR(D48="Je ne sais pas",D48="Non concerné"),"NC",IF(D48="Oui",0,IF(D48="Partiellement",1,IF(D48="Non",3,"")))*E48)) | G48: =IF(F48="","",IF(F48="NC","NC",IF(F48<=1,"Favorable",IF(F48<=3,"Améliorations possibles","Point de vigilance"))))
F49: Prise en compte du déterminant Cohésion sociale
F50: {=IF(SUMPRODUCT((D35:D48<>"Je ne sais pas")*(D35:D48<>"Non concerné")*(D35:D48<>"")*E35:E48*3)=0,"",1-SUM(F35:F48)/SUMPRODUCT((D35:D48<>"Je ne sais pas")*(D35:D48<>"Non concerné")*(D35:D48<>"")*E35:E48*3))} | G50: =IF(F50="","",IF(F50>=75%,"Favorable",IF(F50>=50%,"Améliorations possibles","Point de vigilance")))
A51: Qualité du bâti / Habitat
A52: Qualité du bâti / Habitat | B52: 4.1 | C52: Le confort thermique des bâtiments/logements a-t-il été optimisé (été comme hiver) ? | E52: 4 | F52: =IF(D52="","",IF(OR(D52="Je ne sais pas",D52="Non concerné"),"NC",IF(D52="Oui",0,IF(D52="Partiellement",1,IF(D52="Non",3,"")))*E52)) | G52: =IF(F52="","",IF(F52="NC","NC",IF(F52<=1,"Favorable",IF(F52<=3,"Améliorations possibles","Point de vigilance"))))
A53: Qualité du bâti / Habitat | B53: 4.2 | C53: Le projet limite-t-il les consommations énergétiques des bâtiments/logements (sobriété énergétique, performance des équipements, recours aux énergies renouvelables lorsque pertinent) ? | E53: 3 | F53: =IF(D53="","",IF(OR(D53="Je ne sais pas",D53="Non concerné"),"NC",IF(D53="Oui",0,IF(D53="Partiellement",1,IF(D53="Non",3,"")))*E53)) | G53: =IF(F53="","",IF(F53="NC","NC",IF(F53<=1,"Favorable",IF(F53<=3,"Améliorations possibles","Point de vigilance"))))
A54: Qualité du bâti / Habitat | B54: 4.3 | C54: Le projet intègre-t-il une réflexion sur la qualité de l’air intérieur (ventilation, matériaux, humidité) ? | E54: 4 | F54: =IF(D54="","",IF(OR(D54="Je ne sais pas",D54="Non concerné"),"NC",IF(D54="Oui",0,IF(D54="Partiellement",1,IF(D54="Non",3,"")))*E54)) | G54: =IF(F54="","",IF(F54="NC","NC",IF(F54<=1,"Favorable",IF(F54<=3,"Améliorations possibles","Point de vigilance"))))
A55: Qualité du bâti / Habitat | B55: 4.4 | C55: Le projet prend-il en compte les risques climatiques locaux (inondations, retrait-gonflement des sols, ...) ? | E55: 4 | F55: =IF(D55="","",IF(OR(D55="Je ne sais pas",D55="Non concerné"),"NC",IF(D55="Oui",0,IF(D55="Partiellement",1,IF(D55="Non",3,"")))*E55)) | G55: =IF(F55="","",IF(F55="NC","NC",IF(F55<=1,"Favorable",IF(F55<=3,"Améliorations possibles","Point de vigilance"))))
A56: Qualité du bâti / Habitat | B56: 4.5 | C56: Les espaces occupés bénéficient-ils de suffisamment de lumière naturelle ? | E56: 1 | F56: =IF(D56="","",IF(OR(D56="Je ne sais pas",D56="Non concerné"),"NC",IF(D56="Oui",0,IF(D56="Partiellement",1,IF(D56="Non",3,"")))*E56)) | G56: =IF(F56="","",IF(F56="NC","NC",IF(F56<=1,"Favorable",IF(F56<=3,"Améliorations possibles","Point de vigilance"))))
A57: Qualité du bâti / Habitat | B57: 4.6 | C57: Le bâtiment garantit-il une accessibilité universelle permettant à toutes et tous, y compris aux personnes à mobilité réduite, aux personnes en situation de handicap physique, sensoriel ou présentant des troubles cognitifs, d’utiliser les espaces de manière autonome et sécurisée ? | E57: 4 | F57: =IF(D57="","",IF(OR(D57="Je ne sais pas",D57="Non concerné"),"NC",IF(D57="Oui",0,IF(D57="Partiellement",1,IF(D57="Non",3,"")))*E57)) | G57: =IF(F57="","",IF(F57="NC","NC",IF(F57<=1,"Favorable",IF(F57<=3,"Améliorations possibles","Point de vigilance"))))
A58: Qualité du bâti / Habitat | B58: 4.7 | C58: Les logements ou espaces créés sont-ils adaptés au vieillissement de la population (accessibilité, plain-pied, évolutivité) ? | E58: 3 | F58: =IF(D58="","",IF(OR(D58="Je ne sais pas",D58="Non concerné"),"NC",IF(D58="Oui",0,IF(D58="Partiellement",1,IF(D58="Non",3,"")))*E58)) | G58: =IF(F58="","",IF(F58="NC","NC",IF(F58<=1,"Favorable",IF(F58<=3,"Améliorations possibles","Point de vigilance"))))
A59: Qualité du bâti / Habitat | B59: 4.8 | C59: Le projet limite-t-il les situations d’isolement résidentiel (habitat trop dispersé sans lien aux services) ? | E59: 2 | F59: =IF(D59="","",IF(OR(D59="Je ne sais pas",D59="Non concerné"),"NC",IF(D59="Oui",0,IF(D59="Partiellement",1,IF(D59="Non",3,"")))*E59)) | G59: =IF(F59="","",IF(F59="NC","NC",IF(F59<=1,"Favorable",IF(F59<=3,"Améliorations possibles","Point de vigilance"))))
A60: Qualité du bâti / Habitat | B60: 4.9 | C60: Le positionnement de logements à proximité de sources importantes de bruit (axes routiers très fréquentés, établissements bruyants, …) a-t-il été évité ? | E60: 3 | F60: =IF(D60="","",IF(OR(D60="Je ne sais pas",D60="Non concerné"),"NC",IF(D60="Oui",0,IF(D60="Partiellement",1,IF(D60="Non",3,"")))*E60)) | G60: =IF(F60="","",IF(F60="NC","NC",IF(F60<=1,"Favorable",IF(F60<=3,"Améliorations possibles","Point de vigilance"))))
A61: Qualité du bâti / Habitat | B61: 4.10 | C61: Les espaces extérieurs sont-ils pensés comme des lieux de vie utilisables (et pas uniquement décoratifs) ? | E61: 1 | F61: =IF(D61="","",IF(OR(D61="Je ne sais pas",D61="Non concerné"),"NC",IF(D61="Oui",0,IF(D61="Partiellement",1,IF(D61="Non",3,"")))*E61)) | G61: =IF(F61="","",IF(F61="NC","NC",IF(F61<=1,"Favorable",IF(F61<=3,"Améliorations possibles","Point de vigilance"))))
A62: Qualité du bâti / Habitat | B62: 4.11 | C62: Les futurs habitants ont-il accès à un espace vert (parc ou jardin public, forêt, …) à moins de 10 minutes à pied du logement ? | E62: 3 | F62: =IF(D62="","",IF(OR(D62="Je ne sais pas",D62="Non concerné"),"NC",IF(D62="Oui",0,IF(D62="Partiellement",1,IF(D62="Non",3,"")))*E62)) | G62: =IF(F62="","",IF(F62="NC","NC",IF(F62<=1,"Favorable",IF(F62<=3,"Améliorations possibles","Point de vigilance"))))
A63: Qualité du bâti / Habitat | B63: 4.12 | C63: Les logements proposés sont-ils compatibles avec les capacités économiques locales des habitants ? | E63: 4 | F63: =IF(D63="","",IF(OR(D63="Je ne sais pas",D63="Non concerné"),"NC",IF(D63="Oui",0,IF(D63="Partiellement",1,IF(D63="Non",3,"")))*E63)) | G63: =IF(F63="","",IF(F63="NC","NC",IF(F63<=1,"Favorable",IF(F63<=3,"Améliorations possibles","Point de vigilance"))))
F64: Prise en compte du déterminant Qualité du bâti / Habitat
F65: {=IF(SUMPRODUCT((D52:D63<>"Je ne sais pas")*(D52:D63<>"Non concerné")*(D52:D63<>"")*E52:E63*3)=0,"",1-SUM(F52:F63)/SUMPRODUCT((D52:D63<>"Je ne sais pas")*(D52:D63<>"Non concerné")*(D52:D63<>"")*E52:E63*3))} | G65: =IF(F65="","",IF(F65>=75%,"Favorable",IF(F65>=50%,"Améliorations possibles","Point de vigilance")))
A66: Participation / Gouvernance
A67: Participation | B67: 5.1 | C67: Les populations directement concernées par le projet (futurs usagers/bénéficiaires directs) ont-elles été associées à la réflexion (concertation réelle et pas seulement informative) ? | E67: 3 | F67: =IF(D67="","",IF(OR(D67="Je ne sais pas",D67="Non concerné"),"NC",IF(D67="Oui",0,IF(D67="Partiellement",1,IF(D67="Non",3,"")))*E67)) | G67: =IF(F67="","",IF(F67="NC","NC",IF(F67<=1,"Favorable",IF(F67<=3,"Améliorations possibles","Point de vigilance"))))
A68: Participation | B68: 5.2 | C68: Les populations indirectement concernées par le projet (usagers potentiels, riverains, habitants du territoire, ...) ont-elles été associées à la réflexion (concertation réelle et pas seulement informative) ? | E68: 2 | F68: =IF(D68="","",IF(OR(D68="Je ne sais pas",D68="Non concerné"),"NC",IF(D68="Oui",0,IF(D68="Partiellement",1,IF(D68="Non",3,"")))*E68)) | G68: =IF(F68="","",IF(F68="NC","NC",IF(F68<=1,"Favorable",IF(F68<=3,"Améliorations possibles","Point de vigilance"))))
A69: Participation | B69: 5.3 | C69: Les personnes habituellement les plus éloignées des dispositifs de concertation ont-elles été associées (dispositifs d'aller-vers)? | E69: 2 | F69: =IF(D69="","",IF(OR(D69="Je ne sais pas",D69="Non concerné"),"NC",IF(D69="Oui",0,IF(D69="Partiellement",1,IF(D69="Non",3,"")))*E69)) | G69: =IF(F69="","",IF(F69="NC","NC",IF(F69<=1,"Favorable",IF(F69<=3,"Améliorations possibles","Point de vigilance"))))
A70: Participation | B70: 5.4 | C70: Les retours issus de la participation ont-ils été véritablement intégrés au projet ? | E70: 3 | F70: =IF(D70="","",IF(OR(D70="Je ne sais pas",D70="Non concerné"),"NC",IF(D70="Oui",0,IF(D70="Partiellement",1,IF(D70="Non",3,"")))*E70)) | G70: =IF(F70="","",IF(F70="NC","NC",IF(F70<=1,"Favorable",IF(F70<=3,"Améliorations possibles","Point de vigilance"))))
A71: Gouvernance | B71: 5.5 | C71: Le projet a-t-il été élaboré en associant l'ensemble des services concernés au sein de la collectivité (urbanisme, voirie, environnement, mobilités, santé, action sociale, espaces verts, etc.) ? | E71: 3 | F71: =IF(D71="","",IF(OR(D71="Je ne sais pas",D71="Non concerné"),"NC",IF(D71="Oui",0,IF(D71="Partiellement",1,IF(D71="Non",3,"")))*E71)) | G71: =IF(F71="","",IF(F71="NC","NC",IF(F71<=1,"Favorable",IF(F71<=3,"Améliorations possibles","Point de vigilance"))))
A72: Gouvernance | B72: 5.6 | C72: Les partenaires institutionnels (ARS, Département, Région) ont-ils été intégrés si pertinent ? | E72: 2 | F72: =IF(D72="","",IF(OR(D72="Je ne sais pas",D72="Non concerné"),"NC",IF(D72="Oui",0,IF(D72="Partiellement",1,IF(D72="Non",3,"")))*E72)) | G72: =IF(F72="","",IF(F72="NC","NC",IF(F72<=1,"Favorable",IF(F72<=3,"Améliorations possibles","Point de vigilance"))))
A73: Gouvernance | B73: 5.7 | C73: Le projet est-il conforme aux exigences réglementaires (règlement du PLU(i), servitures, etc.) et cohérent avec les orientations des documents de planification en vigueur (PLU(i), SCoT, PCAET, etc.) ? | E73: 3 | F73: =IF(D73="","",IF(OR(D73="Je ne sais pas",D73="Non concerné"),"NC",IF(D73="Oui",0,IF(D73="Partiellement",1,IF(D73="Non",3,"")))*E73)) | G73: =IF(F73="","",IF(F73="NC","NC",IF(F73<=1,"Favorable",IF(F73<=3,"Améliorations possibles","Point de vigilance"))))
A74: Gouvernance | B74: 5.8 | C74: La capacité de la collectivité à assurer durablement la gestion et l'entretien du projet (moyens humains, compétences techniques, organisation des services) a-t-elle été prise en compte ? | E74: 4 | F74: =IF(D74="","",IF(OR(D74="Je ne sais pas",D74="Non concerné"),"NC",IF(D74="Oui",0,IF(D74="Partiellement",1,IF(D74="Non",3,"")))*E74)) | G74: =IF(F74="","",IF(F74="NC","NC",IF(F74<=1,"Favorable",IF(F74<=3,"Améliorations possibles","Point de vigilance"))))
A75: Gouvernance | B75: 5.9 | C75: Le coût de fonctionnement du projet à long terme (entretien, maintenance, exploitation, renouvellement des équipements) est-il compatible avec les capacités financières de la collectivité ? | E75: 4 | F75: =IF(D75="","",IF(OR(D75="Je ne sais pas",D75="Non concerné"),"NC",IF(D75="Oui",0,IF(D75="Partiellement",1,IF(D75="Non",3,"")))*E75)) | G75: =IF(F75="","",IF(F75="NC","NC",IF(F75<=1,"Favorable",IF(F75<=3,"Améliorations possibles","Point de vigilance"))))
F76: Prise en compte du déterminant Participation / Gouvernance
F77: {=IF(SUMPRODUCT((D67:D75<>"Je ne sais pas")*(D67:D75<>"Non concerné")*(D67:D75<>"")*E67:E75*3)=0,"",1-SUM(F67:F75)/SUMPRODUCT((D67:D75<>"Je ne sais pas")*(D67:D75<>"Non concerné")*(D67:D75<>"")*E67:E75*3))} | G77: =IF(F77="","",IF(F77>=75%,"Favorable",IF(F77>=50%,"Améliorations possibles","Point de vigilance")))

Sheet Synthèse du projet
A1: Outil d'aide à la décision – Intégrer la santé dans les projets d'aménagement en territoires ruraux
B3: Projet évalué : | C3: =IF('Fiche projet'!C4="","",'Fiche projet'!C4)
B4: Date : | C4: =IF('Diagnostic du projet'!G1="","",'Diagnostic du projet'!G1)
B5: Nom de l'évaluateur : | C5: =IF('Diagnostic du projet'!G2="","",'Diagnostic du projet'!G2)
B7: Indice global de prise en compte de la santé | C7: =IF(COUNT(C12:C16)=0,"",AVERAGE(C12:C16))
C8: =IF(C7="","",IF(C7>=75%,"Favorable",IF(C7>=50%,"Améliorations possibles","Point de vigilance")))
B10: Synthèse par déterminant
B11: Déterminant | C11: % de prise en compte | D11: Commentaire | F11: Remarques de l'évaluateur :
B12: Mobilités | C12: =IF('Diagnostic du projet'!F19="","",'Diagnostic du projet'!F19) | D12: =IF('Diagnostic du projet'!G19="","",'Diagnostic du projet'!G19)
B13: Adaptation au changement climatique | C13: =IF('Diagnostic du projet'!F33="","",'Diagnostic du projet'!F33) | D13: =IF('Diagnostic du projet'!G33="","",'Diagnostic du projet'!G33)
B14: Cohésion sociale | C14: =IF('Diagnostic du projet'!F50="","",'Diagnostic du projet'!F50) | D14: =IF('Diagnostic du projet'!G50="","",'Diagnostic du projet'!G50)
B15: Qualité du bâti / Habitat | C15: =IF('Diagnostic du projet'!F65="","",'Diagnostic du projet'!F65) | D15: =IF('Diagnostic du projet'!G65="","",'Diagnostic du projet'!G65)
B16: Participation / Gouvernance | C16: =IF('Diagnostic du projet'!F77="","",'Diagnostic du projet'!F77) | D16: =IF('Diagnostic du projet'!G77="","",'Diagnostic du projet'!G77)
B18: Questions à investiguer (questions auxquelles vous avez répondu "je ne sais pas" dans l'onglet Diagnostic du projet)
B19: {=IFERROR(_xlfn._xlws.FILTER('Diagnostic du projet'!B5:B100&" – "&'Diagnostic du projet'!C5:C100,'Diagnostic du projet'!D5:D100="Je ne sais pas"),"")}

Sheet Leviers et recommandations 
A1: Outil d'aide à la décision – Intégrer la santé dans les projets d'aménagement en territoires ruraux
A3: Déterminants de la santé | B3: N° | C3: Réponse "Diagnostic du projet" | D3: Problématique révélée parle diagnotic du projet | E3: Pourquoi cela constitue-t-il un enjeu de santé ? | F3: Leviers / Recommandations | G3: Ressources | H3: Compétence | I3: Coût
A4: {=_xlfn._xlws.FILTER(IF('Tous les leviers'!A5:K499="","",'Tous les leviers'!A5:K499),('Tous les leviers'!C5:C499="Non")+('Tous les leviers'!C5:C499="Partiellement"),"")}

Sheet Tous les leviers
A1: Outil d'aide à la décision – Intégrer la santé dans les projets d'aménagement en territoires ruraux
A2: Les colonnes H (Compétence) et I (Coût) peuvent être complétées par l'évaluateur
A3: Déterminants de la santé | B3: N° | C3: Réponse "Diagnostic du projet" | D3: Problématique révélée par le diagnotic du projet | E3: Pourquoi cela constitue-t-il un enjeu de santé ? | F3: Leviers / Recommandations | G3: Ressources | H3: Compétence | I3: Coût
A4: Mobilités
A5: Mobilités | B5: 1.1 | C5: =IF(_xlfn.XLOOKUP(B5,'Diagnostic du projet'!B:B,'Diagnostic du projet'!D:D,"")="","",_xlfn.XLOOKUP(B5,'Diagnostic du projet'!B:B,'Diagnostic du projet'!D:D,"")) | D5: Le projet ne permet pas un accès sécurisé à pied aux services essentiels (école, mairie, commerces, santé). | E5: Un accès sécurisé à pied aux services essentiels favorise les déplacements actifs du quotidien, source d'activité physique régulière. Il contribue également à réduire les nuisances liées à l'usage de la voiture (pollution de l'air, bruit), renforce l'autonomie des habitants, notamment des enfants et des personnes âgées, et facilite les interactions sociales. | F5: Créer des cheminements piétons continus, lisibles et sécurisés reliant le projet aux principaux services du quotidien (école, mairie, commerces, équipements, services de santé). | G5: A pied d'oeuvre. Mettre les piétons au coeur de la fabrique des espaces publics
B6: 1.1 | C6: =IF(_xlfn.XLOOKUP(B6,'Diagnostic du projet'!B:B,'Diagnostic du projet'!D:D,"")="","",_xlfn.XLOOKUP(B6,'Diagnostic du projet'!B:B,'Diagnostic du projet'!D:D,"")) | F6: Localiser les nouveaux aménagements ou équipements à proximité des centralités existantes et des services afin de favoriser les déplacements à pied et de limiter la dépendance à la voiture. | G6: A pied d'oeuvre. Mettre les piétons au coeur de la fabrique des espaces publics
A7: Mobilités | B7: 1.2 | C7: =IF(_xlfn.XLOOKUP(B7,'Diagnostic du projet'!B:B,'Diagnostic du projet'!D:D,"")="","",_xlfn.XLOOKUP(B7,'Diagnostic du projet'!B:B,'Diagnostic du projet'!D:D,"")) | D7: Les continuités piétonnes présentent des ruptures ou manquent de lisibilité sur le périmètre du projet. | E7: Des continuités piétonnes interrompues, peu lisibles ou discontinues constituent un frein aux déplacements à pied. Elles peuvent conduire les habitants à privilégier la voiture, y compris pour de courtes distances, réduisant ainsi les opportunités d'activité physique quotidienne. Elles augmentent également le risque d'accidents, notamment pour les personnes les plus vulnérables (enfants, les personnes âgées et les personnes en situation de handicap). | F7: Assurer des continuités piétonnes sans rupture entre les principaux pôles générateurs de déplacements (services, équipements, commerces, espaces publics) en traitant les discontinuités existantes. | G7: A pied d'oeuvre. Mettre les piétons au coeur de la fabrique des espaces publics
B8: 1.2 | C8: =IF(_xlfn.XLOOKUP(B8,'Diagnostic du projet'!B:B,'Diagnostic du projet'!D:D,"")="","",_xlfn.XLOOKUP(B8,'Diagnostic du projet'!B:B,'Diagnostic du projet'!D:D,"")) | F8: Rendre les cheminements lisibles grâce à une signalétique adaptée, un traitement homogène des revêtements et une identification claire des itinéraires piétons. | G8: A pied d'oeuvre. Mettre les piétons au coeur de la fabrique des espaces publics
B9: 1.2 | C9: =IF(_xlfn.XLOOKUP(B9,'Diagnostic du projet'!B:B,'Diagnostic du projet'!D:D,"")="","",_xlfn.XLOOKUP(B9,'Diagnostic du projet'!B:B,'Diagnostic du projet'!D:D,"")) | F9: Connecter les nouveaux aménagements au réseau piéton existant en privilégiant des itinéraires directs, confortables et accessibles à tous les usagers. | G9: A pied d'oeuvre. Mettre les piétons au coeur de la fabrique des espaces publics
A10: Mobilités | B10: 1.3 | C10: =IF(_xlfn.XLOOKUP(B10,'Diagnostic du projet'!B:B,'Diagnostic du projet'!D:D,"")="","",_xlfn.XLOOKUP(B10,'Diagnostic du projet'!B:B,'Diagnostic du projet'!D:D,"")) | D10: Les continuités piétonnes ne sont pas suffisamment larges ou accessibles aux personnes à mobilité réduite. | E10: Des cheminements piétons suffisamment larges, praticables et accessibles permettent à toutes et tous de se déplacer de manière autonome et sécurisée, notamment les personnes à mobilité réduite, les personnes âgées, les personnes avec poussette ou en situation de handicap. Au-delà d’une obligation réglementaire, l’accessibilité des espaces publics constitue un levier majeur de réduction des inégalités d’accès aux services et aux équipements du quotidien. | F10: Respecter les exigences réglementaires en matière d’accessibilité des cheminements piétons, en garantissant notamment une largeur minimale de 1,40 m libre de tout obstacle conformément à l’arrêté du 15 janvier 2007 relatif à l’accessibilité de la voirie et des espaces publics. Lorsque le contexte le permet, viser une largeur supérieure (environ 2,50 m) afin d’améliorer le confort d’usage, permettre les croisements et faciliter les déplacements des personnes à mobilité réduite, avec poussette ou accompagnées.
B11: 1.3 | C11: =IF(_xlfn.XLOOKUP(B11,'Diagnostic du projet'!B:B,'Diagnostic du projet'!D:D,"")="","",_xlfn.XLOOKUP(B11,'Diagnostic du projet'!B:B,'Diagnostic du projet'!D:D,"")) | F11: Expérimenter des aménagements temporaires dans une démarche d’urbanisme tactique afin de tester de nouvelles organisations de l’espace public : élargissement temporaire d'un espace marchable, piétonnisation ponctuelle (d'un accès école par exemple), etc. avant une éventuelle réalisation pérenne. Cette approche permet d’observer les usages, d’ajuster les solutions techniques et d’associer les habitants à l’évolution de leur cadre de vie. | G11: Aménager des rues apaisées. Zones 30, zones de rencontre et aires piétonnes
B12: 1.3 | C12: =IF(_xlfn.XLOOKUP(B12,'Diagnostic du projet'!B:B,'Diagnostic du projet'!D:D,"")="","",_xlfn.XLOOKUP(B12,'Diagnostic du projet'!B:B,'Diagnostic du projet'!D:D,"")) | F12: Garantir des cheminements piétons libres de tout obstacle (poublles, stationnement sauvage, etc.). | G12: A pied d'oeuvre. Mettre les piétons au coeur de la fabrique des espaces publics
B13: 1.3 | C13: =IF(_xlfn.XLOOKUP(B13,'Diagnostic du projet'!B:B,'Diagnostic du projet'!D:D,"")="","",_xlfn.XLOOKUP(B13,'Diagnostic du projet'!B:B,'Diagnostic du projet'!D:D,"")) | F13: Intégrer les besoins des personnes à mobilité réduite dès la conception du projet en associant, lorsque cela est possible, les usagers concernés afin d’identifier les difficultés d’usage et les points de vigilance.
A14: Mobilités | B14: 1.4 | C14: =IF(_xlfn.XLOOKUP(B14,'Diagnostic du projet'!B:B,'Diagnostic du projet'!D:D,"")="","",_xlfn.XLOOKUP(B14,'Diagnostic du projet'!B:B,'Diagnostic du projet'!D:D,"")) | D14: Les traversées de voirie ne sont pas suffisamment sécurisées pour les piéton. | E14: Des traversées de voirie insuffisamment sécurisées peuvent constituer un frein aux déplacements à pied et augmenter le risque d’accidents. En effet, a perception d’un danger lié à la circulation automobile peut également conduire certains habitants à renoncer à la marche au quotidien et renforcer la dépendance à la voiture. | F14: Étudier la mise en place d'une zone de rencontre ou d'une zone à vitesse réduite (30km/h) dans les secteurs où les déplacements piétons sont importants, afin d'améliorer la sécurité et le confort des usagers. | G14: Aménager des rues apaisées. Zones 30, zones de rencontre et aires piétonnes
B15: 1.4 | C15: =IF(_xlfn.XLOOKUP(B15,'Diagnostic du projet'!B:B,'Diagnostic du projet'!D:D,"")="","",_xlfn.XLOOKUP(B15,'Diagnostic du projet'!B:B,'Diagnostic du projet'!D:D,"")) | F15: Améliorer la visibilité des traversées en limitant les obstacles visuels, en assurant un éclairage adapté et en veillant au positionnement du mobilier urbain et du stationnement à proximité des passages piétons.
B16: 1.4 | C16: =IF(_xlfn.XLOOKUP(B16,'Diagnostic du projet'!B:B,'Diagnostic du projet'!D:D,"")="","",_xlfn.XLOOKUP(B16,'Diagnostic du projet'!B:B,'Diagnostic du projet'!D:D,"")) | F16: Aménager des traversées piétonnes sécurisées et adaptées aux usages (passages piétons visibles, abaissements de trottoirs, îlots refuges lorsque nécessaire, dispositifs d’aide à la traversée). | G16: A pied d'oeuvre. Mettre les piétons au coeur de la fabrique des espaces publics
A17: Mobilités | B17: 1.5 | C17: =IF(_xlfn.XLOOKUP(B17,'Diagnostic du projet'!B:B,'Diagnostic du projet'!D:D,"")="","",_xlfn.XLOOKUP(B17,'Diagnostic du projet'!B:B,'Diagnostic du projet'!D:D,"")) | D17: Les continuités piétonnes ne sont pas ombragées. | E17: L’absence d’ombrage sur les cheminements piétons peut réduire le confort d’usage et limiter les déplacements à pied, notamment lors des périodes de fortes chaleurs. L’exposition directe au soleil augmente l’inconfort thermique et peut exposer à des risques : situations de déshydratation, de fatigue, de malaise ou aggraver certaines pathologies, en particulier chez les personnes vulnérables (personnes âgées, jeunes enfants, personnes souffrant de pathologies chroniques). | F17: Préserver et valoriser les éléments existants apportant de l’ombre (arbres remarquables, haies, structures végétales) en les intégrant au projet plutôt qu’en les supprimant.
B18: 1.5 | C18: =IF(_xlfn.XLOOKUP(B18,'Diagnostic du projet'!B:B,'Diagnostic du projet'!D:D,"")="","",_xlfn.XLOOKUP(B18,'Diagnostic du projet'!B:B,'Diagnostic du projet'!D:D,"")) | F18: Planter des arbres d’ombrage le long des cheminements piétons lorsque cela est possible, en privilégiant des essences adaptées au contexte local, au changement climatique et présentant un faible potentiel allergisant.
A19: Mobilités | B19: 1.6 | C19: =IF(_xlfn.XLOOKUP(B19,'Diagnostic du projet'!B:B,'Diagnostic du projet'!D:D,"")="","",_xlfn.XLOOKUP(B19,'Diagnostic du projet'!B:B,'Diagnostic du projet'!D:D,"")) | D19: Les continuités piétonnes ne sont pas éclairées. | E19: Un éclairage insuffisant des cheminements piétons peut limiter les déplacements à pied, notamment en soirée ou en période hivernale, en renforçant le sentiment d’insécurité des usagers. Ce sentiment peut particulièrement concerner les femmes et contribuer à éviter les sorties en dehors du logement. L’enjeu est de concilier éclairage, sobriété énergétique et préservation de la biodiversité nocturne (trame noire). | F19: Adapter l’éclairage des cheminements piétons aux usages réels en privilégiant un éclairage ciblé des secteurs stratégiques (abords des équipements publics, arrêts de transport, traversées, centres-bourgs) plutôt qu’un éclairage systématique de l’ensemble des espaces. Identifier les itinéraires piétons prioritaires en concertation avec les habitants et usagers du territoire.
B20: 1.6 | C20: =IF(_xlfn.XLOOKUP(B20,'Diagnostic du projet'!B:B,'Diagnostic du projet'!D:D,"")="","",_xlfn.XLOOKUP(B20,'Diagnostic du projet'!B:B,'Diagnostic du projet'!D:D,"")) | F20: Privilégier des dispositifs d’éclairage sobres et respectueux de la biodiversité (intensité maîtrisée, orientation du flux lumineux vers le sol, éclairage à détection de présence, choix de températures de couleur adaptées).
A21: Mobilités | B21: 1.7 | C21: =IF(_xlfn.XLOOKUP(B21,'Diagnostic du projet'!B:B,'Diagnostic du projet'!D:D,"")="","",_xlfn.XLOOKUP(B21,'Diagnostic du projet'!B:B,'Diagnostic du projet'!D:D,"")) | D21: Les arrêts de transport collectif (lorsqu'ils existent) ne sont pas facilement accessibles à pied de manière sécurisée. | E21: Des arrêts de transport collectif difficilement accessibles à pied peuvent limiter l’utilisation des transports en commun et renforcer la dépendance à la voiture individuelle, notamment dans les territoires ruraux. Cette situation peut réduire l’autonomie des personnes ne disposant pas de véhicule (jeunes, personnes âgées, personnes en situation de précarité) et limiter leur accès aux services, aux soins, à l’emploi et aux activités sociales. | F21: Sécuriser les abords des arrêts de transport collectif en prévoyant des traversées adaptées, un espace d’attente accessible et confortable, ainsi qu’une bonne visibilité des usagers par les automobilistes.
A22: Mobilités | B22: 1.8 | C22: =IF(_xlfn.XLOOKUP(B22,'Diagnostic du projet'!B:B,'Diagnostic du projet'!D:D,"")="","",_xlfn.XLOOKUP(B22,'Diagnostic du projet'!B:B,'Diagnostic du projet'!D:D,"")) | D22: Les déplacements à vélo ne sont pas suffisamment sécurisés. | E22: Des aménagements cyclables insuffisamment sécurisés peuvent constituer un frein à la pratique du vélo, en particulier chez les enfants, les personnes débutantes ou ne se sentent pas en confiance. Dans les territoires ruraux, où les distances entre les lieux de vie, les services et les équipements peuvent être importantes, le vélo constitue une solution de mobilité active permettant de renforcer l’autonomie des habitants et de limiter la dépendance à la voiture individuelle. | F22: Réduire la vitesse des véhicules motorisés dans les secteurs de coexistence entre cyclistes et automobilistes (zones 30, zones de rencontre, aménagements d’apaisement de la circulation) | G22: Rendre sa voirie cyclable. Les clés de la réussite
B23: 1.8 | C23: =IF(_xlfn.XLOOKUP(B23,'Diagnostic du projet'!B:B,'Diagnostic du projet'!D:D,"")="","",_xlfn.XLOOKUP(B23,'Diagnostic du projet'!B:B,'Diagnostic du projet'!D:D,"")) | F23: Créer des itinéraires cyclables sécurisés et continus, en privilégiant lorsque cela est possible les pistes en site propre sur les voiries existantes, éviter les bandes cyclables (dangereuses) et les chaucidous qui créent de la confusion chez les usagers des véhicules motorisés et ne renforcent pas le sentiment de sécurité des cyclistes, notamment les jeunes cyclistes. | G23: Le schéma directeur des aménagements cyclables : planifier un réseau cyclable complet, continu et attractif
B24: 1.8 | C24: =IF(_xlfn.XLOOKUP(B24,'Diagnostic du projet'!B:B,'Diagnostic du projet'!D:D,"")="","",_xlfn.XLOOKUP(B24,'Diagnostic du projet'!B:B,'Diagnostic du projet'!D:D,"")) | F24: Signaler clairement la présence des cyclistes et les itinéraires dédiés grâce à une signalétique adaptée. | G24: Rendre sa voirie cyclable. Les clés de la réussite
B25: 1.8 | C25: =IF(_xlfn.XLOOKUP(B25,'Diagnostic du projet'!B:B,'Diagnostic du projet'!D:D,"")="","",_xlfn.XLOOKUP(B25,'Diagnostic du projet'!B:B,'Diagnostic du projet'!D:D,"")) | F25: Accompagner le développement de la pratique cyclable par des actions de sensibilisation (ateliers de remise en selle, apprentissage du code de la route à vélo, actions auprès des habitants ou des scolaires) afin de renforcer la confiance et l’autonomie des usagers.
B26: 1.8 | C26: =IF(_xlfn.XLOOKUP(B26,'Diagnostic du projet'!B:B,'Diagnostic du projet'!D:D,"")="","",_xlfn.XLOOKUP(B26,'Diagnostic du projet'!B:B,'Diagnostic du projet'!D:D,"")) | F26: Aménager des sas vélos aux carrefours équipés de feux lorsque cela est pertinent afin de sécuriser les démarrages et d’améliorer la visibilité des cyclistes auprès des automobilistes. | G26: Rendre sa voirie cyclable. Les clés de la réussite
A27: Mobilités | B27: 1.9 | C27: =IF(_xlfn.XLOOKUP(B27,'Diagnostic du projet'!B:B,'Diagnostic du projet'!D:D,"")="","",_xlfn.XLOOKUP(B27,'Diagnostic du projet'!B:B,'Diagnostic du projet'!D:D,"")) | D27: Les itinéraires cyclables présentent des ruptures ou ne sont pas connectés au réseau existant ou projeté. | E27: Des itinéraires cyclables discontinus ou mal connectés limitent l’usage du vélo au quotidien en rendant les déplacements moins lisibles, moins pratiques et moins sécurisés. En territoire rural, où les distances entre les lieux de vie, les services et les équipements sont souvent plus importantes, la continuité des aménagements est essentielle pour faire du vélo une véritable solution de mobilité. | F27: Inscrire les projets d’aménagement dans une stratégie globale de mobilité active (plan vélo, schéma directeur des mobilités actives) afin d’éviter une approche ponctuelle et de favoriser un maillage cohérent à long terme. | G27: Le schéma directeur des aménagements cyclables : planifier un réseau cyclable complet, continu et attractif
B28: 1.9 | C28: =IF(_xlfn.XLOOKUP(B28,'Diagnostic du projet'!B:B,'Diagnostic du projet'!D:D,"")="","",_xlfn.XLOOKUP(B28,'Diagnostic du projet'!B:B,'Diagnostic du projet'!D:D,"")) | F28: Développer des itinéraires cyclables sécurisés et adaptés aux usages du territoire, notamment en s’appuyant sur les voies vertes, chemins existants ou anciennes emprises pouvant accueillir des déplacements cyclables du quotidien. | G28: Le schéma directeur des aménagements cyclables : planifier un réseau cyclable complet, continu et attractif
A29: Mobilités | B29: 1.10 | C29: =IF(_xlfn.XLOOKUP(B29,'Diagnostic du projet'!B:B,'Diagnostic du projet'!D:D,"")="","",_xlfn.XLOOKUP(B29,'Diagnostic du projet'!B:B,'Diagnostic du projet'!D:D,"")) | D29: Les conflits d'usages entre piétons, cyclistes et automobilistes n'ont pas été suffisamment anticipés. | E29: Un conflit d’usage correspond à une situation où différents usagers de l’espace public (piétons, cyclistes, automobilistes, usagers d’engins motorisés…) ont des pratiques ou des besoins qui peuvent entrer en opposition et générer un sentiment d’insécurité, de l’inconfort ou des risques d’accident. Dans un projet d’aménagement, l’absence d’anticipation de ces interactions peut décourager les mobilités actives et limiter l’usage des espaces publics par certains publics, notamment les enfants, les personnes âgées ou les personnes en situation de handicap. Une organisation claire des déplacements contribue à favoriser des espaces plus sûrs, inclusifs et propices à la marche et au vélo. | F29: Analyser les usages actuels et futurs de l’espace public dès la conception du projet afin d’identifier les zones de conflits potentiels entre piétons, cyclistes, véhicules motorisés et autres usagers. | G29: Rendre sa voirie cyclable. Les clés de la réussite
B30: 1.10 | C30: =IF(_xlfn.XLOOKUP(B30,'Diagnostic du projet'!B:B,'Diagnostic du projet'!D:D,"")="","",_xlfn.XLOOKUP(B30,'Diagnostic du projet'!B:B,'Diagnostic du projet'!D:D,"")) | F30: Dissocier, lorsque cela est nécessaire, voies piétonnes et vélo : installer des limites franches et continues, construites ou végétales, entre l'espace piétonnier ou cyclable et la route. | G30: Rendre sa voirie cyclable. Les clés de la réussite
B31: 1.10 | C31: =IF(_xlfn.XLOOKUP(B31,'Diagnostic du projet'!B:B,'Diagnostic du projet'!D:D,"")="","",_xlfn.XLOOKUP(B31,'Diagnostic du projet'!B:B,'Diagnostic du projet'!D:D,"")) | F31: Sécuriser les points de conflit entre vélos et véhicules motorisés (carrefours, intersections, traversées de voirie, entrées/sorties de parking) en travaillant la visibilité, les priorités de circulation et la lisibilité des aménagements. | G31: Rendre sa voirie cyclable. Les clés de la réussite
A32: Mobilités | B32: 1.11 | C32: =IF(_xlfn.XLOOKUP(B32,'Diagnostic du projet'!B:B,'Diagnostic du projet'!D:D,"")="","",_xlfn.XLOOKUP(B32,'Diagnostic du projet'!B:B,'Diagnostic du projet'!D:D,"")) | D32: Le stationnement automobile n'est pas optimisé. | E32: Un stationnement automobile surdimensionné ou mal organisé peut renforcer la place de la voiture dans les déplacements quotidiens et limiter la place accordée aux mobilités actives, aux espaces végétalisés ou aux usages collectifs de l’espace public.En territoire rural, où certaines populations restent fortement dépendantes de la voiture en raison des distances, de l’offre limitée de transports collectifs ou de l’éloignement des services, l’enjeu n’est pas de supprimer la voiture mais d’en optimiser l’usage. | F32: Évaluer les besoins en stationnement à partir d’un diagnostic local (taux de motorisation des ménages, fréquentation du site, horaires d’usage, présence de services ou d’équipements à proximité). Il n’existe pas de ratio universel pertinent en milieu rural, la dépendance automobile, la structure des ménages et l’offre de mobilité variant énormément d’une commune à l’autre.
B33: 1.11 | C33: =IF(_xlfn.XLOOKUP(B33,'Diagnostic du projet'!B:B,'Diagnostic du projet'!D:D,"")="","",_xlfn.XLOOKUP(B33,'Diagnostic du projet'!B:B,'Diagnostic du projet'!D:D,"")) | F33: Mutualiser les espaces de stationnement entre plusieurs usages ou équipements lorsque cela est pertinent (par exemple entre équipements publics utilisés à des horaires différents) afin de limiter la création de surfaces dédiées sous-utilisées.
A34: Mobilités | B34: 1.12 | C34: =IF(_xlfn.XLOOKUP(B34,'Diagnostic du projet'!B:B,'Diagnostic du projet'!D:D,"")="","",_xlfn.XLOOKUP(B34,'Diagnostic du projet'!B:B,'Diagnostic du projet'!D:D,"")) | D34: Les espaces de stationnement prévus ne sont pas perméables. | E34: Des espaces de stationnement imperméabilisés empêchent l’infiltration naturelle des eaux de pluie, favorisent le ruissellement et peuvent aggraver les risques d’inondation et de saturation des réseaux. Les revêtements minéraux emmagasinent la chaleur et contribuent à augmenter les températures en période estivale. À l’inverse, des stationnements perméables et végétalisés participent à une meilleure gestion des eaux pluviales, améliorent le confort thermique et contribuent à un cadre de vie plus agréable. | F34: Privilégier des revêtements perméables pour les espaces de stationnement lorsque les caractéristiques du site le permettent (dalles engazonnées, pavés drainants, etc.) afin de favoriser l’infiltration des eaux pluviales.
A35: Mobilités | B35: 1.13 | C35: =IF(_xlfn.XLOOKUP(B35,'Diagnostic du projet'!B:B,'Diagnostic du projet'!D:D,"")="","",_xlfn.XLOOKUP(B35,'Diagnostic du projet'!B:B,'Diagnostic du projet'!D:D,"")) | D35: Le projet ne favorise pas l'intermodalité (articulation entre les différents modes de déplacement). | E35: L’intermodalité consiste à faciliter l’enchaînement de plusieurs modes de déplacement au cours d’un même trajet (marche, vélo, transport collectif, covoiturage, voiture, etc.). En territoire rural, où les déplacements reposent souvent sur plusieurs solutions de mobilité, une bonne articulation entre ces modes permet de réduire la dépendance à la voiture individuelle tout en maintenant l’accessibilité aux services, à l’emploi et aux équipements. Elle favorise également les mobilités actives, notamment la marche et le vélo, qui constituent souvent le premier ou le dernier maillon du déplacement. | F35: Faciliter les déplacements multimodaux en assurant une accessibilité cyclable sécurisée vers les arrêts de transport collectif, les aires de covoiturage et les principaux équipements du territoire. Permettre l'emport des vélos à bord des transports collectifs, lorsque cela est possible, afin de faciliter les déplacements combinant vélo et transport collectif, notamment pour les trajets domicile-travail. | G35: Territoires ruraux et périurbains. Des clés pour réussir son projet de mobilité
B36: 1.13 | C36: =IF(_xlfn.XLOOKUP(B36,'Diagnostic du projet'!B:B,'Diagnostic du projet'!D:D,"")="","",_xlfn.XLOOKUP(B36,'Diagnostic du projet'!B:B,'Diagnostic du projet'!D:D,"")) | F36: Installer des stationnements vélos sécurisés à proximité des arrêts de transport collectif, des aires de covoiturage et des principaux équipements du territoire.
B37: 1.13 | C37: =IF(_xlfn.XLOOKUP(B37,'Diagnostic du projet'!B:B,'Diagnostic du projet'!D:D,"")="","",_xlfn.XLOOKUP(B37,'Diagnostic du projet'!B:B,'Diagnostic du projet'!D:D,"")) | F37: Développer des services favorisant l'usage du vélo, tels que des stations de vélos à assistance électrique (VAE) ou des dispositifs d'aide à l'acquisition de VAE, particulièrement adaptés aux distances et au relief des territoires ruraux.
B38: 1.13 | C38: =IF(_xlfn.XLOOKUP(B38,'Diagnostic du projet'!B:B,'Diagnostic du projet'!D:D,"")="","",_xlfn.XLOOKUP(B38,'Diagnostic du projet'!B:B,'Diagnostic du projet'!D:D,"")) | F38: Mettre en place une signalétique piétonne et cyclable indiquant les temps de parcours à pied et à vélo (en minutes) vers les principaux services, équipements et centres-bourgs voisins afin d'encourager les mobilités actives et de rendre les alternatives à la voiture plus lisibles.
A39: Adaptation au changement climatique / Environnement du projet
A40: Adaptation au changement climatique | B40: 2.1 | C40: =IF(_xlfn.XLOOKUP(B40,'Diagnostic du projet'!B:B,'Diagnostic du projet'!D:D,"")="","",_xlfn.XLOOKUP(B40,'Diagnostic du projet'!B:B,'Diagnostic du projet'!D:D,"")) | D40: Le projet entraine un imperméabilisation des sols supérieure au strict nécessaire/ne prévoit pas de désimperméabilisation. | E40: L'imperméabilisation des sols réduit leur capacité à infiltrer les eaux de pluie, augmente le ruissellement et peut aggraver les risques d'inondation. Elle contribue également à l'augmentation des températures en limitant le rafraîchissement naturel des espaces, ce qui peut accentuer les effets des épisodes de fortes chaleurs sur la santé. À l'inverse, des sols perméables et vivants participent à la régulation du cycle de l'eau, au maintien de la biodiversité, à l'amélioration du confort thermique et à l'adaptation des territoires aux effets du changement climatique. | F40: Rechercher en priorité des solutions de renouvellement urbain et de réutilisation des espaces déjà artificialisés afin de limiter la consommation d'espaces naturels, agricoles et forestiers, dans le respect des objectifs réglementaires de sobriété foncière issus de la loi Climat et Résilience du 22 août 2021 et leur déclinaison dans les documents de planification (SRADDET, SCoT, PLU(i)).
B41: 2.1 | C41: =IF(_xlfn.XLOOKUP(B41,'Diagnostic du projet'!B:B,'Diagnostic du projet'!D:D,"")="","",_xlfn.XLOOKUP(B41,'Diagnostic du projet'!B:B,'Diagnostic du projet'!D:D,"")) | F41: Limiter l'imperméabilisation des sols au strict nécessaire en optimisant l'emprise des voiries, des espaces de stationnement et des autres surfaces minéralisées.
B42: 2.1 | C42: =IF(_xlfn.XLOOKUP(B42,'Diagnostic du projet'!B:B,'Diagnostic du projet'!D:D,"")="","",_xlfn.XLOOKUP(B42,'Diagnostic du projet'!B:B,'Diagnostic du projet'!D:D,"")) | F42: Désimperméabiliser les surfaces existantes lorsque cela est possible afin de restaurer les fonctions naturelles des sols et de favoriser l'infiltration des eaux pluviales. | G42: Désimperméabiliser les villes - Guide opérationnel pour (re)découvrir les sols urbains
B43: 2.1 | C43: =IF(_xlfn.XLOOKUP(B43,'Diagnostic du projet'!B:B,'Diagnostic du projet'!D:D,"")="","",_xlfn.XLOOKUP(B43,'Diagnostic du projet'!B:B,'Diagnostic du projet'!D:D,"")) | F43: Privilégier des revêtements perméables pour les cheminements, les stationnements et les espaces publics, lorsque les contraintes techniques et les usages le permettent. | G43: Désimperméabiliser les villes - Guide opérationnel pour (re)découvrir les sols urbains
B44: 2.1 | C44: =IF(_xlfn.XLOOKUP(B44,'Diagnostic du projet'!B:B,'Diagnostic du projet'!D:D,"")="","",_xlfn.XLOOKUP(B44,'Diagnostic du projet'!B:B,'Diagnostic du projet'!D:D,"")) | F44: Végétaliser les cours d'école en désimperméabilisant les surfaces minérales et en intégrant des arbres d'ombrage, des espaces de nature et des sols perméables afin d'améliorer le confort thermique, de favoriser les usages et de renforcer la biodiversité. | G44: Faire la taille : pour des territoires à Hauteur d'enfants
A45: Adaptation au changement climatique | B45: 2.2 | C45: =IF(_xlfn.XLOOKUP(B45,'Diagnostic du projet'!B:B,'Diagnostic du projet'!D:D,"")="","",_xlfn.XLOOKUP(B45,'Diagnostic du projet'!B:B,'Diagnostic du projet'!D:D,"")) | D45: La question de l'adaptation aux vagues de chaleur n'a pas été prise en compte. | E45: Dans le contexte du réchauffement climatique, la fréquence et l’intensité des vagues de chaleur augmentent. Cette intensification des vagues de chaleur se cumule avec les phénomènes d'urbanisation, d'artificialisation des sols à l’échelle des collectivités et d'émissions de chaleur anthropique (liées aux véhicules, à la climatisation, etc.). Les températures élevées ont des conséquences sur la santé (déshydratation, malaises, aggravation des maladies cardiovasculaires et respiratoires, etc.) en particulier chez les personnes âgées, les jeunes enfants, les personnes souffrant de maladies chroniques et les travailleurs exposés. Intégrer le confort thermique dès la conception des projets constitue un levier majeur d'adaptation au changement climatique et de protection de la santé. | F45: Limiter les surfaces minérales et désimperméabiliser les espaces lorsque cela est possible, en privilégiant des solutions favorisant l'infiltration des eaux pluviales et le rafraîchissement naturel (revêtements perméables, béton drainant lorsque les contraintes d'accessibilité le nécessitent, etc.). | G45: Désimperméabiliser les villes - Guide opérationnel pour (re)découvrir les sols urbains
B46: 2.2 | C46: =IF(_xlfn.XLOOKUP(B46,'Diagnostic du projet'!B:B,'Diagnostic du projet'!D:D,"")="","",_xlfn.XLOOKUP(B46,'Diagnostic du projet'!B:B,'Diagnostic du projet'!D:D,"")) | F46: Végétaliser le projet en développant un couvert arboré diversifié et en privilégiant des essences adaptées au climat local, peu consommatrices en eau et présentant un fort potentiel d'évapotranspiration afin d'améliorer le rafraîchissement naturel. | G46: Sésame, un outil pour intégrer l’arbre dans vos projets de renaturation urbaine
B47: 2.2 | C47: =IF(_xlfn.XLOOKUP(B47,'Diagnostic du projet'!B:B,'Diagnostic du projet'!D:D,"")="","",_xlfn.XLOOKUP(B47,'Diagnostic du projet'!B:B,'Diagnostic du projet'!D:D,"")) | F47: Créer des espaces ombragés le long des cheminements, sur les places, les aires de stationnement et les espaces de rencontre en combinant végétation et dispositifs d'ombrage (pergolas, ombrières, voiles d'ombrage lorsque la végétalisation n'est pas possible). | G47: Plus fraiche ma ville
B48: 2.2 | C48: =IF(_xlfn.XLOOKUP(B48,'Diagnostic du projet'!B:B,'Diagnostic du projet'!D:D,"")="","",_xlfn.XLOOKUP(B48,'Diagnostic du projet'!B:B,'Diagnostic du projet'!D:D,"")) | F48: Préserver les couloirs de ventilation naturelle en évitant les implantations bâties ou végétales susceptibles d'entraver la circulation de l'air et en tenant compte de l'orientation des vents dominants dès la conception du projet.
B49: 2.2 | C49: =IF(_xlfn.XLOOKUP(B49,'Diagnostic du projet'!B:B,'Diagnostic du projet'!D:D,"")="","",_xlfn.XLOOKUP(B49,'Diagnostic du projet'!B:B,'Diagnostic du projet'!D:D,"")) | F49: Prévoir des points d'eau accessibles au public dans les espaces fortement fréquentés afin de limiter les risques liés aux fortes chaleurs et d'améliorer le confort des usagers. | G49: Plus fraiche ma ville
B50: 2.2 | C50: =IF(_xlfn.XLOOKUP(B50,'Diagnostic du projet'!B:B,'Diagnostic du projet'!D:D,"")="","",_xlfn.XLOOKUP(B50,'Diagnostic du projet'!B:B,'Diagnostic du projet'!D:D,"")) | F50: Concevoir les bâtiments publics en intégrant les principes du confort d'été passif : protection solaire extérieure, ventilation traversante, ventilation nocturne sécurisée (dispositifs anti-intrusion), etc.
B51: 2.2 | C51: =IF(_xlfn.XLOOKUP(B51,'Diagnostic du projet'!B:B,'Diagnostic du projet'!D:D,"")="","",_xlfn.XLOOKUP(B51,'Diagnostic du projet'!B:B,'Diagnostic du projet'!D:D,"")) | F51: Organiser la gestion des bâtiments publics lors des épisodes de chaleur, et plus généralement en été (ventilation nocturne, fermeture des protections solaires en journée, définition des responsabilités de gestion) afin de maintenir un confort thermique satisfaisant.
A52: Adaptation au changement climatique | B52: 2.3 | C52: =IF(_xlfn.XLOOKUP(B52,'Diagnostic du projet'!B:B,'Diagnostic du projet'!D:D,"")="","",_xlfn.XLOOKUP(B52,'Diagnostic du projet'!B:B,'Diagnostic du projet'!D:D,"")) | D52: La question du couvert arboré à l'échelle du projet n'a été traitée. | E52: La présence d’un couvert arboré dans les projets d’aménagement contribue à créer des espaces plus agréables, attractifs et favorables aux usages extérieurs. Les arbres apportent des bénéfices importants pour la santé physique en encourageant les déplacements et les activités de plein air, en limitant l’exposition à la chaleur et en contribuant à réduire les risques liés à la sédentarité. Ils participent également à la santé mentale en favorisant la diminution du stress et de l’anxiété, ainsi qu’à la cohésion sociale en créant des espaces propices aux rencontres informelles. En période de fortes chaleurs, l’arbre joue un rôle majeur de rafraîchissement : passer de 5 à 30 arbres par hectare peut réduire d’environ 3 °C la température de surface du sol. | F52: Appliquer le principe du 3-30-300 lorsque le contexte le permet : permettre à chaque habitant de voir au moins 3 arbres depuis son domicile, atteindre environ 30 % de couverture arborée dans les secteurs urbanisés et garantir un espace de nature (parc, verger communal, forêt, ...) accessible à moins de 300 mètres à pied.
B53: 2.3 | C53: =IF(_xlfn.XLOOKUP(B53,'Diagnostic du projet'!B:B,'Diagnostic du projet'!D:D,"")="","",_xlfn.XLOOKUP(B53,'Diagnostic du projet'!B:B,'Diagnostic du projet'!D:D,"")) | F53: Préserver les arbres existants et les éléments végétaux remarquables (arbres isolés, alignements, haies, bosquets) en les intégrant au projet plutôt qu’en les supprimant, compte tenu du temps nécessaire à la croissance des nouveaux arbres.
A54: Adaptation au changement climatique | B54: 2.4 | C54: =IF(_xlfn.XLOOKUP(B54,'Diagnostic du projet'!B:B,'Diagnostic du projet'!D:D,"")="","",_xlfn.XLOOKUP(B54,'Diagnostic du projet'!B:B,'Diagnostic du projet'!D:D,"")) | D54: Les propriétés allergisantes des espèces végétales ne sont pas prises en compte dans les choix opérés. | E54: Le choix des espèces végétales dans les projets d’aménagement a des conséquences directes sur la santé des habitants. L’exposition aux pollens constitue un enjeu majeur de santé publique : elle concerne environ 20 % des enfants et 30 % des adultes et peut provoquer ou aggraver des allergies respiratoires (rhinite, conjonctivite, asthme). Le changement climatique peut également modifier les périodes de pollinisation et favoriser l’exposition aux allergènes. Intégrer le potentiel allergisant des végétaux dès la conception des projets permet de concilier végétalisation, adaptation au changement climatique, biodiversité et protection de la santé des populations. | F54: Utiliser l’outil ArboClimat de l’ADEME pour accompagner le choix des essences végétales. Cet outil permet d’évaluer différentes espèces selon plusieurs critères : capacité à stocker le carbone, impact sur les ilots de chaleur urbain, résilience de l'essence, intérêt pour la biodiversité, impact sur la qualité de l'air et potentiel allergisant. | G54: ARBOClimat
B55: 2.4 | C55: =IF(_xlfn.XLOOKUP(B55,'Diagnostic du projet'!B:B,'Diagnostic du projet'!D:D,"")="","",_xlfn.XLOOKUP(B55,'Diagnostic du projet'!B:B,'Diagnostic du projet'!D:D,"")) | F55: Privilégier des palettes végétales diversifiées associant différentes strates (arbres, arbustes, plantes herbacées) et des espèces adaptées aux conditions locales, afin d’améliorer la résilience des aménagements et de renforcer leurs bénéfices pour la santé et l’environnement.
A56: Adaptation au changement climatique | B56: 2.5 | C56: =IF(_xlfn.XLOOKUP(B56,'Diagnostic du projet'!B:B,'Diagnostic du projet'!D:D,"")="","",_xlfn.XLOOKUP(B56,'Diagnostic du projet'!B:B,'Diagnostic du projet'!D:D,"")) | D56: Les espaces végétalisés n'ont pas été réfléchis pour être facilement appropriés par les usagers | E56: Les espaces végétalisés contribuent à la santé lorsqu’ils sont réellement utilisés par les habitants et intégrés dans les pratiques quotidiennes. Un espace vert uniquement pensé comme un élément paysager ou décoratif risque de rester peu fréquenté et de ne pas produire pleinement ses bénéfices : incitation à sortir de chez soi, activité physique, réduction du stress et de l’anxiété, rencontres entre habitants et renforcement du lien social. Dans les territoires ruraux, où les espaces de nature sont souvent présents mais pas toujours aménagés pour les usages du quotidien, il est essentiel de concevoir des espaces végétalisés accessibles, confortables et appropriables par toutes et tous. | F56: Concevoir les espaces végétalisés comme de véritables lieux de vie en intégrant des aménagements favorisant leur appropriation (mobilier adapté, assises, cheminements, espaces de repos, zones de jeux ou de convivialité). | G56: Plus fraiche ma ville
B57: 2.5 | C57: =IF(_xlfn.XLOOKUP(B57,'Diagnostic du projet'!B:B,'Diagnostic du projet'!D:D,"")="","",_xlfn.XLOOKUP(B57,'Diagnostic du projet'!B:B,'Diagnostic du projet'!D:D,"")) | F57: Adapter les aménagements aux différents usages et publics en prévoyant des espaces accessibles aux enfants, aux adolescents, aux adultes, aux personnes âgées et aux personnes en situation de handicap.
B58: 2.5 | C58: =IF(_xlfn.XLOOKUP(B58,'Diagnostic du projet'!B:B,'Diagnostic du projet'!D:D,"")="","",_xlfn.XLOOKUP(B58,'Diagnostic du projet'!B:B,'Diagnostic du projet'!D:D,"")) | F58: Garantir l’accessibilité et la lisibilité des espaces végétalisés en assurant des cheminements confortables, sécurisés et adaptés aux mobilités de toutes et tous (poussettes, fauteuils, personnes à mobilité réduite).
B59: 2.5 | C59: =IF(_xlfn.XLOOKUP(B59,'Diagnostic du projet'!B:B,'Diagnostic du projet'!D:D,"")="","",_xlfn.XLOOKUP(B59,'Diagnostic du projet'!B:B,'Diagnostic du projet'!D:D,"")) | F59: Associer les futurs usagers à la conception des espaces végétalisés afin d’identifier leurs besoins, favoriser leur appropriation et renforcer le sentiment d’appartenance au lieu.
A60: Adaptation au changement climatique | B60: 2.6 | C60: =IF(_xlfn.XLOOKUP(B60,'Diagnostic du projet'!B:B,'Diagnostic du projet'!D:D,"")="","",_xlfn.XLOOKUP(B60,'Diagnostic du projet'!B:B,'Diagnostic du projet'!D:D,"")) | D60: L'exposition des futurs usagers aux pollutions de l'air n'a pas été suffisamment prise en compte dans le projet. | E60: La pollution atmosphérique constitue l’un des principaux facteurs environnementaux de risque pour la santé selon l’Organisation mondiale de la santé (OMS). L’exposition chronique à certains polluants, notamment les particules fines (PM2,5), le dioxyde d’azote (NO₂) et l’ozone (O₃), peut favoriser ou aggraver des pathologies respiratoires, cardiovasculaires et certains cancers. Si les niveaux de pollution sont généralement plus élevés dans les grandes agglomérations, les territoires ruraux sont également concernés, notamment à proximité des axes routiers et des sources d’émissions. Anticiper l’exposition des futurs usagers dès la conception d’un projet permet de limiter les impacts sanitaires liés à une exposition quotidienne et prolongée. | F60: Implanter les espaces accueillant des publics sensibles (écoles, crèches, logements, espaces de détente, aires de jeux) à distance des principales sources de pollution atmosphérique lorsque cela est possible, notamment des axes routiers à fort trafic.
B61: 2.6 | C61: =IF(_xlfn.XLOOKUP(B61,'Diagnostic du projet'!B:B,'Diagnostic du projet'!D:D,"")="","",_xlfn.XLOOKUP(B61,'Diagnostic du projet'!B:B,'Diagnostic du projet'!D:D,"")) | F61: Créer des zones tampons entre les sources d’émissions et les espaces fréquentés par les usagers et privélégier les formes urbaines diminuant les niveaux d'exposition (construction en retrait de la voierie, mise en place d'un écran végétal, etc.) et éviter les rues "canyon" (rues longues et étroites).
A62: Adaptation au changement climatique | B62: 2.7 | C62: =IF(_xlfn.XLOOKUP(B62,'Diagnostic du projet'!B:B,'Diagnostic du projet'!D:D,"")="","",_xlfn.XLOOKUP(B62,'Diagnostic du projet'!B:B,'Diagnostic du projet'!D:D,"")) | D62: Les nuisances sonores potentielles du projet ou à proximité du projet n'ont pas été prises en compte. | E62: L’Organisation mondiale de la santé (OMS) considère le bruit comme le deuxième facteur environnemental le plus nocif en Europe après la pollution de l’air. Il est défini comme tout son ou ensemble de sons jugés indésirables parce qu’ils dérangent ou sont susceptibles d’affecter la santé. Une exposition prolongée au bruit peut avoir des effets importants sur la santé : troubles du sommeil, stress chronique, augmentation des risques cardiovasculaires, altération de l’audition, difficultés d’apprentissage et baisse des capacités de concentration. Anticiper les nuisances sonores liées au projet ou présentes à proximité permet de préserver la qualité de vie des futurs usagers et de créer des environnements plus favorables à la santé. | F62: Identifier les sources potentielles de nuisances sonores dès la conception du projet en s’appuyant sur les outils existants, notamment le classement sonore des voies (CSV) annexé au PLU(i) ou les diagnostics locaux disponibles.
B63: 2.7 | C63: =IF(_xlfn.XLOOKUP(B63,'Diagnostic du projet'!B:B,'Diagnostic du projet'!D:D,"")="","",_xlfn.XLOOKUP(B63,'Diagnostic du projet'!B:B,'Diagnostic du projet'!D:D,"")) | F63: Réduire les nuisances liées au trafic automobile en favorisant des solutions permettant de diminuer le nombre de véhicules en circulation (mise en place d'aires de covoiturage, création de déviations permettant de contiourner les centre-bourgs lorsque cela est pertinent, etc.).
B64: 2.7 | C64: =IF(_xlfn.XLOOKUP(B64,'Diagnostic du projet'!B:B,'Diagnostic du projet'!D:D,"")="","",_xlfn.XLOOKUP(B64,'Diagnostic du projet'!B:B,'Diagnostic du projet'!D:D,"")) | F64: Apaiser la circulation dans les secteurs sensibles en réduisant les vitesses réglementaires (par exemple zones 30 km/h, zones de rencontre) afin de diminuer le bruit généré par les véhicules et d’améliorer la sécurité des usagers.
B65: 2.7 | C65: =IF(_xlfn.XLOOKUP(B65,'Diagnostic du projet'!B:B,'Diagnostic du projet'!D:D,"")="","",_xlfn.XLOOKUP(B65,'Diagnostic du projet'!B:B,'Diagnostic du projet'!D:D,"")) | F65: Anticiper les usages futurs et les interactions entre les fonctions du territoire (habiter, travailler, se déplacer, se divertir).
A66: Adaptation au changement climatique | B66: 2.8 | C66: =IF(_xlfn.XLOOKUP(B66,'Diagnostic du projet'!B:B,'Diagnostic du projet'!D:D,"")="","",_xlfn.XLOOKUP(B66,'Diagnostic du projet'!B:B,'Diagnostic du projet'!D:D,"")) | D66: Le projet porte atteinte aux continuités écologiques locales ou ne contribue pas à leur préservation. | E66: Les continuités écologiques permettent aux espèces animales et végétales de se déplacer, de se reproduire et de maintenir des écosystèmes fonctionnels. Leur préservation contribue également à la santé humaine en favorisant des milieux naturels plus résilients, capables de réguler le climat local, de limiter les effets des fortes chaleurs, de préserver la qualité de l’eau et de l’air et de soutenir la biodiversité. La fragmentation des habitats naturels liée à l’artificialisation des sols peut fragiliser ces équilibres et réduire les services rendus par les écosystèmes. Intégrer les continuités écologiques dans les projets d’aménagement permet ainsi de concilier protection de la biodiversité, adaptation au changement climatique et qualité du cadre de vie. | F66: Identifier les continuités écologiques existantes (trames verte, bleue, noire et brune) dès la conception du projet en s’appuyant sur les documents disponibles (SCoT, PLU(i), atlas de biodiversité communale, Trame Verte et Bleue régionale, données naturalistes locales).
B67: 2.8 | C67: =IF(_xlfn.XLOOKUP(B67,'Diagnostic du projet'!B:B,'Diagnostic du projet'!D:D,"")="","",_xlfn.XLOOKUP(B67,'Diagnostic du projet'!B:B,'Diagnostic du projet'!D:D,"")) | F67: Préserver les éléments naturels existants qui contribuent aux continuités écologiques (haies bocagères, arbres remarquables, mares, zones humides, cours d’eau, boisements, prairies) en les intégrant au projet plutôt qu’en les supprimant.
B68: 2.8 | C68: =IF(_xlfn.XLOOKUP(B68,'Diagnostic du projet'!B:B,'Diagnostic du projet'!D:D,"")="","",_xlfn.XLOOKUP(B68,'Diagnostic du projet'!B:B,'Diagnostic du projet'!D:D,"")) | F68: Restaurer ou renforcer les continuités écologiques lorsque celles-ci sont fragilisées, par exemple en recréant des haies, des corridors végétalisés, des zones refuges pour la faune ou des aménagements favorables aux déplacements des espèces.
B69: 2.8 | C69: =IF(_xlfn.XLOOKUP(B69,'Diagnostic du projet'!B:B,'Diagnostic du projet'!D:D,"")="","",_xlfn.XLOOKUP(B69,'Diagnostic du projet'!B:B,'Diagnostic du projet'!D:D,"")) | F69: Limiter la fragmentation des habitats naturels en regroupant les aménagements, en réduisant l’artificialisation des sols et en privilégiant la réutilisation des espaces déjà urbanisés.
B70: 2.8 | C70: =IF(_xlfn.XLOOKUP(B70,'Diagnostic du projet'!B:B,'Diagnostic du projet'!D:D,"")="","",_xlfn.XLOOKUP(B70,'Diagnostic du projet'!B:B,'Diagnostic du projet'!D:D,"")) | F70: Favoriser une gestion écologique des espaces végétalisés (fauche raisonnée, absence de produits phytosanitaires, diversification des plantations) afin de renforcer leur rôle d’accueil de la biodiversité.
A71: Adaptation au changement climatique | B71: 2.9 | C71: =IF(_xlfn.XLOOKUP(B71,'Diagnostic du projet'!B:B,'Diagnostic du projet'!D:D,"")="","",_xlfn.XLOOKUP(B71,'Diagnostic du projet'!B:B,'Diagnostic du projet'!D:D,"")) | D71: Le projet ne favorise pas une gestion locale des eaux pluviales. | E71: Une gestion locale des eaux pluviales consiste à favoriser leur infiltration et leur stockage au plus près du lieu où elles tombent, plutôt que de les évacuer systématiquement vers les réseaux. Cette approche contribue à limiter les risques d’inondation, la saturation des réseaux d’assainissement et les pollutions liées au ruissellement des eaux sur des surfaces imperméabilisées. Elle participe également à l’adaptation au changement climatique en favorisant le rafraîchissement des espaces grâce à la présence de sols perméables et de végétation. | F71: Gérer les eaux pluviales à la source en privilégiant leur infiltration sur place plutôt que leur collecte systématique dans les réseaux d’assainissement, lorsque les caractéristiques du sol le permettent.
B72: 2.9 | C72: =IF(_xlfn.XLOOKUP(B72,'Diagnostic du projet'!B:B,'Diagnostic du projet'!D:D,"")="","",_xlfn.XLOOKUP(B72,'Diagnostic du projet'!B:B,'Diagnostic du projet'!D:D,"")) | F72: Intégrer des solutions fondées sur la nature pour gérer les eaux pluviales (noues végétalisées, jardins de pluie, fossés végétalisés, mares temporaires, espaces en creux paysagers) afin de combiner gestion de l’eau, biodiversité et amélioration du cadre de vie.
B73: 2.9 | C73: =IF(_xlfn.XLOOKUP(B73,'Diagnostic du projet'!B:B,'Diagnostic du projet'!D:D,"")="","",_xlfn.XLOOKUP(B73,'Diagnostic du projet'!B:B,'Diagnostic du projet'!D:D,"")) | F73: Prévoir des dispositifs de récupération et de réutilisation des eaux pluviales lorsque cela est pertinent (arrosage des espaces verts, entretien des espaces publics), dans le respect des réglementations en vigueur.
A74: Adaptation au changement climatique | B74: 2.10 | C74: =IF(_xlfn.XLOOKUP(B74,'Diagnostic du projet'!B:B,'Diagnostic du projet'!D:D,"")="","",_xlfn.XLOOKUP(B74,'Diagnostic du projet'!B:B,'Diagnostic du projet'!D:D,"")) | D74: Le projet ne préserve pas la ressource en eau potable en limitant les consommations et en favorisant les économies d'eau. | E74: L’eau potable est une ressource essentielle à la santé humaine, dont la disponibilité est fragilisée par les effets du changement climatique (augmentation des périodes de sécheresse, diminution de la recharge des nappes, tensions sur la ressource). Les collectivités doivent aujourd’hui anticiper une gestion plus sobre de l’eau afin de garantir durablement l’accès à une eau de qualité pour tous les usages prioritaires. Les choix d’aménagement et de construction peuvent contribuer à réduire les consommations d’eau, notamment en limitant les usages non indispensables, en adaptant les équipements et en favorisant une gestion raisonnée des espaces végétalisés. | F74: Réduire les consommations d’eau potable dans les bâtiments et équipements en installant des équipements hydro-économes (robinetteries temporisées ou à faible débit, chasses d’eau à double commande, dispositifs de suivi des consommations).
B75: 2.10 | C75: =IF(_xlfn.XLOOKUP(B75,'Diagnostic du projet'!B:B,'Diagnostic du projet'!D:D,"")="","",_xlfn.XLOOKUP(B75,'Diagnostic du projet'!B:B,'Diagnostic du projet'!D:D,"")) | F75: Limiter les besoins en arrosage en favorisant des pratiques de gestion adaptées (paillage, sols vivants, récupération des eaux pluviales lorsque pertinent, arrosage raisonné).
B76: 2.10 | C76: =IF(_xlfn.XLOOKUP(B76,'Diagnostic du projet'!B:B,'Diagnostic du projet'!D:D,"")="","",_xlfn.XLOOKUP(B76,'Diagnostic du projet'!B:B,'Diagnostic du projet'!D:D,"")) | F76: Sensibiliser les usagers et les agents de la collectivité aux économies d’eau afin de favoriser des pratiques quotidiennes plus sobres.
A77: Adaptation au changement climatique | B77: 2.11 | C77: =IF(_xlfn.XLOOKUP(B77,'Diagnostic du projet'!B:B,'Diagnostic du projet'!D:D,"")="","",_xlfn.XLOOKUP(B77,'Diagnostic du projet'!B:B,'Diagnostic du projet'!D:D,"")) | D77: Le projet n'intègre pas de réflexion visant à éviter la création de gîtes larvaires artificiels favorisant le développement des moustiques. | E77: La création de gîtes larvaires artificiels peut favoriser la prolifération des moustiques, notamment du moustique tigre (Aedes albopictus), désormais implanté dans de nombreux territoires français. Ces moustiques peuvent être vecteurs de maladies telles que la dengue ou le chikungunya. Les aménagements urbains et les équipements extérieurs peuvent involontairement créer des lieux favorables à leur reproduction lorsque de petites quantités d’eau stagnante sont présentes (récipients, dispositifs mal conçus, équipements dégradés). | F77: Éviter la création de zones favorables à l’accumulation d’eau stagnante lors de la conception des aménagements.
B78: 2.11 | C78: =IF(_xlfn.XLOOKUP(B78,'Diagnostic du projet'!B:B,'Diagnostic du projet'!D:D,"")="","",_xlfn.XLOOKUP(B78,'Diagnostic du projet'!B:B,'Diagnostic du projet'!D:D,"")) | F78: Prévoir une gestion adaptée des dispositifs de récupération des eaux pluviales afin de concilier économies d’eau et prévention des risques sanitaires (couvercles adaptés, moustiquaires ou systèmes empêchant l’accès des moustiques).
B79: 2.11 | C79: =IF(_xlfn.XLOOKUP(B79,'Diagnostic du projet'!B:B,'Diagnostic du projet'!D:D,"")="","",_xlfn.XLOOKUP(B79,'Diagnostic du projet'!B:B,'Diagnostic du projet'!D:D,"")) | F79: Entretenir régulièrement les espaces extérieurs afin de supprimer les petits points d’eau temporaires pouvant constituer des gîtes larvaires (gouttières obstruées, bâches, etc.).
B80: 2.11 | C80: =IF(_xlfn.XLOOKUP(B80,'Diagnostic du projet'!B:B,'Diagnostic du projet'!D:D,"")="","",_xlfn.XLOOKUP(B80,'Diagnostic du projet'!B:B,'Diagnostic du projet'!D:D,"")) | F80: Sensibiliser les gestionnaires et les usagers des espaces publics aux gestes de prévention contre la prolifération des moustiques.
A81: Cohésion sociale
A82: Cohésion sociale | B82: 3.1 | C82: =IF(_xlfn.XLOOKUP(B82,'Diagnostic du projet'!B:B,'Diagnostic du projet'!D:D,"")="","",_xlfn.XLOOKUP(B82,'Diagnostic du projet'!B:B,'Diagnostic du projet'!D:D,"")) | D82: Le projet ne crée pas ou ne renforce pas d’espaces de rencontre informels. | E82: Les espaces de rencontre informels (jardins, placettes,etc.) jouent un rôle essentiel dans la création de liens sociaux au quotidien. Ils favorisent les échanges spontanés entre habitants, contribuent au sentiment d’appartenance au territoire et peuvent réduire les situations d’isolement, notamment chez les personnes âgées, les personnes seules ou les nouveaux habitants. La possibilité de se rencontrer dans des espaces accessibles et agréables encourage également les sorties, l’activité physique et l’appropriation des lieux de vie. Dans les territoires ruraux, où les distances et la dispersion de l’habitat peuvent limiter les interactions, ces espaces constituent des supports importants de cohésion sociale et de santé. | F82: Aménager des espaces favorisant les échanges spontanés en installant du mobilier adapté (bancs, tables, assises variées) et en créant des conditions favorables au confort d’usage (ombre, végétation, point d’eau lorsque pertinent).
B83: 3.1 | C83: =IF(_xlfn.XLOOKUP(B83,'Diagnostic du projet'!B:B,'Diagnostic du projet'!D:D,"")="","",_xlfn.XLOOKUP(B83,'Diagnostic du projet'!B:B,'Diagnostic du projet'!D:D,"")) | F83: Positionner les espaces de rencontre à proximité des lieux fréquentés au quotidien (commerces, équipements publics, écoles, services, arrêts de transport) afin de favoriser leur fréquentation naturelle.
A84: Cohésion sociale | B84: 3.2 | C84: =IF(_xlfn.XLOOKUP(B84,'Diagnostic du projet'!B:B,'Diagnostic du projet'!D:D,"")="","",_xlfn.XLOOKUP(B84,'Diagnostic du projet'!B:B,'Diagnostic du projet'!D:D,"")) | D84: Les espaces de rencontre ne sont pas suffisamment lisibles/identifiables par les usagers. | E84: Des espaces de rencontre facilement identifiables et compréhensibles par les usagers favorisent leur fréquentation et leur appropriation au quotidien. Lorsque ces lieux manquent de lisibilité, certains habitants peuvent ne pas les repérer, ne pas savoir comment y accéder ou ne pas percevoir leur vocation sociale. Un espace peut être physiquement accessible mais rester peu utilisé s’il n’est pas identifiable, compréhensible ou rassurant. C’est notamment un enjeu pour les personnes âgées, les personnes présentant des troubles cognitifs ou encore les personnes qui découvrent le territoire. | F84: Rendre les espaces de rencontre facilement identifiables grâce à une signalétique adaptée indiquant leur localisation, les cheminements pour y accéder et, lorsque cela est pertinent, les temps de parcours à pied et à vélo depuis les principaux points d’intérêt du territoire.
B85: 3.2 | C85: =IF(_xlfn.XLOOKUP(B85,'Diagnostic du projet'!B:B,'Diagnostic du projet'!D:D,"")="","",_xlfn.XLOOKUP(B85,'Diagnostic du projet'!B:B,'Diagnostic du projet'!D:D,"")) | F85: Créer des éléments de repère visibles et appropriables (arbres remarquables, mobilier spécifique, œuvre d’art, élément architectural ou paysager identifiable) permettant aux habitants et visiteurs de mieux se repérer dans l’espace public.
B86: 3.2 | C86: =IF(_xlfn.XLOOKUP(B86,'Diagnostic du projet'!B:B,'Diagnostic du projet'!D:D,"")="","",_xlfn.XLOOKUP(B86,'Diagnostic du projet'!B:B,'Diagnostic du projet'!D:D,"")) | F86: Définir une identité paysagère et urbaine cohérente à l’échelle du projet en choisissant une palette commune de couleurs, de formes, de matériaux et de végétalisation afin de renforcer la lisibilité des espaces et leur reconnaissance.
A87: Cohésion sociale | B87: 3.3 | C87: =IF(_xlfn.XLOOKUP(B87,'Diagnostic du projet'!B:B,'Diagnostic du projet'!D:D,"")="","",_xlfn.XLOOKUP(B87,'Diagnostic du projet'!B:B,'Diagnostic du projet'!D:D,"")) | D87: Le mobilier urbain n’est pas accessible à tous et toutes, notamment aux personnes à mobilité réduite. | E87: Le mobilier urbain joue un rôle essentiel dans l’appropriation des espaces publics et leur accessibilité à toutes et tous. Un mobilier mal conçu peut constituer un frein à l’usage des espaces de rencontre, notamment pour les personnes à mobilité réduite, les personnes âgées, les personnes en situation de handicap physique, sensoriel ou cognitif. Des équipements accessibles et confortables favorisent les sorties, les interactions sociales, l’autonomie et la participation de chacun à la vie du territoire. | F87: Privilégier des assises avec dossier et accoudoirs afin de faciliter l’installation, le maintien en position assise et le relevage des personnes ayant des limitations de mobilité ou de force physique.
B88: 3.3 | C88: =IF(_xlfn.XLOOKUP(B88,'Diagnostic du projet'!B:B,'Diagnostic du projet'!D:D,"")="","",_xlfn.XLOOKUP(B88,'Diagnostic du projet'!B:B,'Diagnostic du projet'!D:D,"")) | F88: Éviter les mobiliers nécessitant des efforts physiques importants ou des installations complexes, notamment les tables de pique-nique traditionnelles nécessitant d’enjamber une assise pour s’installer ; privilégier des configurations permettant un accès direct (espace libre sous table, accès fauteuil roulant, assises indépendantes).
B89: 3.3 | C89: =IF(_xlfn.XLOOKUP(B89,'Diagnostic du projet'!B:B,'Diagnostic du projet'!D:D,"")="","",_xlfn.XLOOKUP(B89,'Diagnostic du projet'!B:B,'Diagnostic du projet'!D:D,"")) | F89: Garantir une bonne accessibilité autour du mobilier en prévoyant des cheminements praticables, suffisamment larges et sans obstacle, permettant notamment l’accès aux personnes en fauteuil roulant, avec une poussette ou utilisant une aide à la mobilité.
A90: Cohésion sociale | B90: 3.4 | C90: =IF(_xlfn.XLOOKUP(B90,'Diagnostic du projet'!B:B,'Diagnostic du projet'!D:D,"")="","",_xlfn.XLOOKUP(B90,'Diagnostic du projet'!B:B,'Diagnostic du projet'!D:D,"")) | D90: Le mobilier urbain n’est pas positionné dans des espaces offrant de l'ombre. | E90: Le positionnement du mobilier urbain dans des espaces ombragés contribue au confort et à l’usage des espaces publics, notamment lors des périodes de fortes chaleurs. Un banc installé au soleil sur une place minérale peut devenir inutilisable lors des épisodes de fortes chaleurs, alors qu’un même équipement positionné sous un arbre ou à proximité d’un espace végétalisé peut devenir un véritable support de vie sociale. Une exposition prolongée au soleil peut entraîner des risques pour la santé, tels que la déshydratation, les malaises ou les coups de chaleur, en particulier chez les personnes vulnérables (personnes âgées, jeunes enfants, personnes souffrant de pathologies chroniques). Des espaces de repos ombragés encouragent également les habitants à rester plus longtemps dans l’espace public, favorisant les rencontres, l’activité physique douce et le lien social. L’intégration de zones d’ombre dès la conception des projets participe ainsi à l’adaptation des territoires au changement climatique. | F90: Créer des zones ombragées autour des espaces de rencontre en combinant végétation et dispositifs complémentaires lorsque la couverture arborée ne peut pas être immédiatement suffisante (pergolas, ombrières, voiles d’ombrage).
A91: Cohésion sociale | B91: 3.5 | C91: =IF(_xlfn.XLOOKUP(B91,'Diagnostic du projet'!B:B,'Diagnostic du projet'!D:D,"")="","",_xlfn.XLOOKUP(B91,'Diagnostic du projet'!B:B,'Diagnostic du projet'!D:D,"")) | D91: Le projet ne favorise pas la mixité des usages. | E91: La mixité des usages consiste à permettre la coexistence de différentes fonctions et activités dans un même espace (habiter, travailler, se déplacer, se rencontrer, se détendre, jouer…). Des espaces aux usages diversifiés favorisent une fréquentation plus régulière tout au long de la journée, renforcent les interactions sociales et contribuent à lutter contre l’isolement. Dans les territoires ruraux, où les distances entre les lieux de vie peuvent être importantes, favoriser la complémentarité des usages contribue à maintenir des espaces de vie attractifs, vivants et accessibles à toutes et tous. | F91: Concevoir des espaces publics multifonctionnels pouvant accueillir différents usages selon les moments de la journée ou de l’année (repos, jeux, événements, activités associatives, rencontres informelles).
B92: 3.5 | C92: =IF(_xlfn.XLOOKUP(B92,'Diagnostic du projet'!B:B,'Diagnostic du projet'!D:D,"")="","",_xlfn.XLOOKUP(B92,'Diagnostic du projet'!B:B,'Diagnostic du projet'!D:D,"")) | F92: Éviter la spécialisation excessive des espaces (zones uniquement dédiées au stationnement, espaces uniquement décoratifs, quartiers monofonctionnels) afin de préserver des lieux vivants et appropriables.
A93: Cohésion sociale | B93: 3.6 | C93: =IF(_xlfn.XLOOKUP(B93,'Diagnostic du projet'!B:B,'Diagnostic du projet'!D:D,"")="","",_xlfn.XLOOKUP(B93,'Diagnostic du projet'!B:B,'Diagnostic du projet'!D:D,"")) | D93: Le projet ne permet pas des usages intergénérationnels. | E93: Les espaces favorisant les usages intergénérationnels permettent de créer des occasions de rencontre, d’échange et d’entraide entre des personnes d’âges différents. Ils contribuent à renforcer le lien social, à lutter contre l’isolement et à favoriser la transmission de connaissances et d’expériences entre générations. La présence d’enfants, de jeunes, d’adultes et de seniors dans un même espace favorise également un sentiment d’appartenance et de sécurité dans l’espace public. | F93: Aménager des espaces favorisant la co-présence des générations en évitant de séparer systématiquement les usages (par exemple, associer espaces pour enfants, bancs pour les accompagnants et zones de détente pour les seniors).
B94: 3.6 | C94: =IF(_xlfn.XLOOKUP(B94,'Diagnostic du projet'!B:B,'Diagnostic du projet'!D:D,"")="","",_xlfn.XLOOKUP(B94,'Diagnostic du projet'!B:B,'Diagnostic du projet'!D:D,"")) | F94: Créer des lieux supports d’activités partagées entre générations (jardins collectifs, espaces de jeux libres, ateliers en plein air, espaces associatifs ou culturels).
A95: Cohésion sociale | B95: 3.7 | C95: =IF(_xlfn.XLOOKUP(B95,'Diagnostic du projet'!B:B,'Diagnostic du projet'!D:D,"")="","",_xlfn.XLOOKUP(B95,'Diagnostic du projet'!B:B,'Diagnostic du projet'!D:D,"")) | D95: La place des enfants n’a pas été suffisamment prise en compte dans la conception du projet. | E95: Les enfants sont des usagers à part entière des espaces publics et leurs besoins doivent être pris en compte dès la conception des projets. Des territoires pensés « à hauteur d’enfant » favorisent leur autonomie, leurs déplacements actifs, leur activité physique et leur appropriation de l’espace extérieur. Des espaces adaptés aux enfants contribuent également à leur développement, à leur bien-être psychologique et à leurs interactions sociales. | F95: Concevoir les espaces publics « à hauteur d’enfant » en prenant en compte leurs besoins spécifiques : possibilité de se déplacer en sécurité, de jouer librement, d’explorer, de se rencontrer et de développer leur autonomie. | G95: Faire la taille : pour des territoires à Hauteur d'enfants
B96: 3.7 | C96: =IF(_xlfn.XLOOKUP(B96,'Diagnostic du projet'!B:B,'Diagnostic du projet'!D:D,"")="","",_xlfn.XLOOKUP(B96,'Diagnostic du projet'!B:B,'Diagnostic du projet'!D:D,"")) | F96: Sécuriser les cheminements des enfants vers les lieux qu’ils fréquentent (rue aux écoles, cheminements vers les aires de jeux, etc.) en favorisant des parcours piétons et cyclables lisibles et confortables.
B97: 3.7 | C97: =IF(_xlfn.XLOOKUP(B97,'Diagnostic du projet'!B:B,'Diagnostic du projet'!D:D,"")="","",_xlfn.XLOOKUP(B97,'Diagnostic du projet'!B:B,'Diagnostic du projet'!D:D,"")) | F97: Associer les enfants à la conception des projets qui les concernent en organisant des démarches de participation adaptées (ateliers avec les écoles, conseils municipaux des enfants, démarches pédagogiques autour du projet).
A98: Cohésion sociale | B98: 3.8 | C98: =IF(_xlfn.XLOOKUP(B98,'Diagnostic du projet'!B:B,'Diagnostic du projet'!D:D,"")="","",_xlfn.XLOOKUP(B98,'Diagnostic du projet'!B:B,'Diagnostic du projet'!D:D,"")) | D98: La place des femmes n’a pas été suffisamment prise en compte dans la conception du projet. | E98: Les femmes et les hommes n’ont pas toujours les mêmes usages et expériences de l’espace public. Le sentiment de sécurité influence fortement les déplacements, la fréquentation des lieux et la possibilité de participer pleinement à la vie sociale du territoire. De plus, les femmes, qui assurent encore plus fréquemment la prise en charge des enfants, peuvent rencontrer des difficultés liées à l’accessibilité des espaces (déplacements avec poussettes, accompagnement d’enfants, besoin d’assises, etc.). Elles réalisent également davantage de déplacements courts du quotidien (« micro-déplacements ») pour accompagner les enfants, accéder aux services ou réaliser des achats, ce qui nécessite des espaces publics pratiques, accessibles et sécurisants. | F98: Garantir des espaces publics favorisant le sentiment de sécurité pour toutes et tous en travaillant notamment la visibilité des lieux, la co-visibilité entre espaces, l’éclairage adapté et l’absence de zones isolées ou difficiles à traverser. | G98: Guide « Genre & espace public »
B99: 3.8 | C99: =IF(_xlfn.XLOOKUP(B99,'Diagnostic du projet'!B:B,'Diagnostic du projet'!D:D,"")="","",_xlfn.XLOOKUP(B99,'Diagnostic du projet'!B:B,'Diagnostic du projet'!D:D,"")) | F99: Prendre en compte les usages liés aux déplacements du quotidien en facilitant les cheminements avec poussettes, enfants accompagnés ou charges (largeur des trottoirs, absence d’obstacles, continuités piétonnes sécurisées, accès aux services).
B100: 3.8 | C100: =IF(_xlfn.XLOOKUP(B100,'Diagnostic du projet'!B:B,'Diagnostic du projet'!D:D,"")="","",_xlfn.XLOOKUP(B100,'Diagnostic du projet'!B:B,'Diagnostic du projet'!D:D,"")) | F100: Concevoir des espaces publics favorisant une diversité d’usages et d’usagers en évitant les aménagements pouvant être appropriés durablement par un seul groupe social ou une seule pratique. Par exemple, éviter les équipements de type city-stade qui peuvent être majoritairement occupés par des groupes homogènes de jeunes garçons et générer des phénomènes d’exclusion, notamment pour les jeunes filles. Privilégier des espaces plus ouverts (éviter les terrains cloturés sans gradins ou espaces alternatifs), favorisant différents types d’activités (jeu libre, basket, volley, ...).
...
